Workbook

Sheet Insights
B2: Continental Divide Trail Statistic Insights
C4: CDT | E4: PCT | F4: (for comparison only)
B5: Total Miles Hiked: | C5: =Stats!F154 -> 2716 | E5: 2704.2
B6: Total Days On Trail: | C6: =Stats!D154 -> 149 | E6: 132
B7: Total Elevation Gain (ft): | C7: =C18+C24+C30+C36 -> 477248 | E7: 489418
B8: Total Elevation Loss (ft): | C8: =C19+C25+C31+C37 -> 478285 | E8: 488411
B10: Average Mileage (Daily): | C10: =Stats!H154 -> 18.228188 | E10: 20.72
B11: Average Mileage (Weekly): | C11: =Stats!AC161 -> 126.44863 | E11: 143.65
B12: Average Mileage (Monthly): | C12: =Stats!AF161 -> 508.176 | E12: 577.11
B13: Most Miles Hiked in 1 Day: | C13: =Stats!E66 -> 35 | E13: 35
B15: Montana/Idaho Days: | C15: =Stats!A55 -> 53 | E15: n/a
B16: Montana/Idaho Miles: | C16: =Stats!A53 -> 897.4 | E16: n/a
B17: Montana/Idaho Avg (miles/day): | C17: =Stats!A57 -> 16.932075 | E17: n/a
B18: Montana/Idaho Elevation Gain(ft): | C18: 179354 | E18: n/a
B19: Montana/Idaho Elevation Loss(ft): | C19: 176228 | E19: n/a
B21: Wyoming Days: | C21: =Stats!A81 -> 25 | E21: n/a
B22: Wyoming Miles: | C22: =Stats!A79 -> 493.6 | E22: n/a
B23: Wyoming Avg: | C23: =Stats!A83 -> 19.744 | E23: n/a
B24: Wyoming Elevation Gain(ft): | C24: 72654 | E24: n/a
B25: Wyoming Elevation Loss(ft): | C25: 71798 | E25: n/a
B27: Colorado Days: | C27: =Stats!A121 -> 40 | E27: n/a
B28: Colorado Miles: | C28: =Stats!A118 -> 658.6 | E28: n/a
B29: Colorado Avg: | C29: =Stats!A123 -> 16.465 | E29: n/a
B30: Colorado Elevation Gain(ft): | C30: 149003 | E30: n/a
B31: Colorado Elevation Loss(ft): | C31: 147936 | E31: n/a
B33: New Mexico Days: | C33: =Stats!A152 -> 31 | E33: n/a
B34: New Mexico Miles: | C34: =Stats!A150 -> 666.4 | E34: n/a
B35: New Mexico Avg: | C35: =Stats!A154 -> 21.496774 | E35: n/a
B36: New Mexico Elevation Gain(ft): | C36: 76237 | E36: n/a
B37: New Mexico Elevation Loss(ft): | C37: 82323 | E37: n/a
B39: Nights with Tent: | C39: =Stats!J157 -> 72 | E39: 20
B40: Nights with Roof: | C40: =Stats!K157 -> 32 | E40: 18
B41: Nights Cowboy Camped: | C41: =Stats!I157 -> 45 | E41: 102
B42: Zeros Taken: | C42: =Stats!L157 -> 10 | E42: 7
B43: Neros (<10 miles hiked) Taken: | C43: =Stats!O157-C42 -> 19 | E43: 8
B44: # Pairs of Shoes: | C44: =Stats!R157 -> 4 | E44: 5
B45: Lowest Temperature(°F): | C45: -2 | E45: ?
B46: Triple Rainbows observed: | C46: 1 | E46: 0
B48: Max. Distance/Time between: | C48: miles | D48: days | E48: miles | F48: days
B49: Zeros | C49: =Stats!M157 -> 641.3 | D49: =Stats!N157 -> 33 | E49: 1128 | F49: 50
B50: Neros | C50: =Stats!P157 -> 351.1 | D50: =Stats!Q157 -> 17 | E50: 549 | F50: 23
B51: New Shoes | C51: =Stats!S157 -> 909.4 | D51: =Stats!T157 -> 56 | E51: 620 | F51: 35
B52: Laundry | C52: =Stats!V157 -> 352.7 | D52: =Stats!W157 -> 24 | E52: 647 | F52: 28
B53: Showers | C53: =Stats!Y157 -> 255.4 | D53: =Stats!Z157 -> 15 | E53: 515 | F53: 22
B55: Maximum Miles Hiked in the Last:
B56: 3 Days | C56: =Stats!AA157 -> 83.8 | E56: 92
B57: 5 Days | C57: =Stats!AB157 -> 129.8 | E57: 142
B58: 7 Days | C58: =Stats!AC157 -> 179.7 | E58: 192
B59: 10 Days | C59: =Stats!AD157 -> 246.8 | E59: 270
B60: 14 Days | C60: =Stats!AE157 -> 323.4 | E60: 358
B61: 4 Weeks | C61: =Stats!AF157 -> 613.8 | E61: 697

Sheet Charts

Sheet Stats
M1: Zeros | P1: Neros | S1: New Shoes | V1: Laundry | Y1: Shower
M2: since last | P2: since last | S2: since last | V2: since last | Y2: since last | AB2: miles hiked in the last
A3: State | B3: Civilization | C3: Date | D3: Day | E3: Miles | F3: Total | G3: Bonus | H3: Average | I3: Camp | J3: Tent? | K3: Roof? | L3: ? | M3: miles | N3: days | O3: ? | P3: miles | Q3: days | R3: ? | S3: miles | T3: days | U3: ? | V3: miles | W3: days | X3: ? | Y3: miles | Z3: days | AA3: 3 Days | AB3: 5 Days | AC3: 7 Days | AD3: 10 Days | AE3: 14 Days | AF3: 4 Weeks
A4: Montana | B4: Chief Mountain | C4: 43640 | D4: 1 | E4: 13.5 | F4: 13.5 | H4: =F4/D4 -> 13.5 | I4: Say Hey Bear Midnight | J4: y | K4: n | L4: =IF(E4=0,"y","") | M4: =F4 -> 13.5 | N4: =D4 -> 1 | O4: =IF(L4<>"y", IF(E4<10,"y",""),"") | P4: =E4 -> 13.5 | Q4: =D4 -> 1 | S4: =E4 -> 13.5 | T4: =D4 -> 1 | V4: =E4 -> 13.5 | W4: =D4 -> 1 | Y4: =E4 -> 13.5 | Z4: =D4 -> 1
C5: 43641 | D5: 1.2 | E5: 1 | F5: 14.5 | H5: =F5/D5 -> 12.083333 | I5: Lake of Leisure | J5: y | K5: n | L5: =IF(E5=0,"y","") | M5: =IF(L4="y",E5,M4+E5) -> 14.5 | N5: =IF(L4="y",1,N4+1) -> 2 | O5: =IF(L5<>"y", IF(E5<10,"y",""),"") -> y | P5: =IF(O4="y",E5,P4+E5) -> 14.5 | Q5: =IF(O4="y",1,Q4+1) -> 2 | S5: =IF(R4="y",$E5,S4+$E5) -> 14.5 | T5: =IF(R4="y",1,T4+1) -> 2 | V5: =IF(U4="y",$E5,V4+$E5) -> 14.5 | W5: =IF(U4="y",1,W4+1) -> 2 | Y5: =IF(X4="y",$E5,Y4+$E5) -> 14.5 | Z5: =IF(X4="y",1,Z4+1) -> 2
C6: 43642 | D6: 1.5 | E6: 8 | F6: 22.5 | H6: =F6/D6 -> 15 | I6: Perfect Privy | J6: y | K6: n | L6: =IF(E6=0,"y","") | M6: =IF(L5="y",E6,M5+E6) -> 22.5 | N6: =IF(L5="y",1,N5+1) -> 3 | O6: =IF(L6<>"y", IF(E6<10,"y",""),"") -> y | P6: =IF(O5="y",E6,P5+E6) -> 8 | Q6: =IF(O5="y",1,Q5+1) -> 1 | S6: =IF(R5="y",$E6,S5+$E6) -> 22.5 | T6: =IF(R5="y",1,T5+1) -> 3 | V6: =IF(U5="y",$E6,V5+$E6) -> 22.5 | W6: =IF(U5="y",1,W5+1) -> 3 | Y6: =IF(X5="y",$E6,Y5+$E6) -> 22.5 | Z6: =IF(X5="y",1,Z5+1) -> 3 | AA6: =SUM(E4:E6) -> 22.5
C7: 43643 | D7: 2 | E7: 14.4 | F7: 36.9 | H7: =F7/D7 -> 18.45 | I7: William Merrybeet | J7: y | K7: n | L7: =IF(E7=0,"y","") | M7: =IF(L6="y",E7,M6+E7) -> 36.9 | N7: =IF(L6="y",1,N6+1) -> 4 | O7: =IF(L7<>"y", IF(E7<10,"y",""),"") | P7: =IF(O6="y",E7,P6+E7) -> 14.4 | Q7: =IF(O6="y",1,Q6+1) -> 1 | S7: =IF(R6="y",$E7,S6+$E7) -> 36.9 | T7: =IF(R6="y",1,T6+1) -> 4 | V7: =IF(U6="y",$E7,V6+$E7) -> 36.9 | W7: =IF(U6="y",1,W6+1) -> 4 | Y7: =IF(X6="y",$E7,Y6+$E7) -> 36.9 | Z7: =IF(X6="y",1,Z6+1) -> 4 | AA7: =SUM(E5:E7) -> 23.4
A8: Week 1 | C8: 43644 | D8: 3 | E8: 23.2 | F8: 60.1 | H8: =F8/D8 -> 20.033333 | I8: Triple Decker PB&J | J8: y | K8: n | L8: =IF(E8=0,"y","") | M8: =IF(L7="y",E8,M7+E8) -> 60.1 | N8: =IF(L7="y",1,N7+1) -> 5 | O8: =IF(L8<>"y", IF(E8<10,"y",""),"") | P8: =IF(O7="y",E8,P7+E8) -> 37.6 | Q8: =IF(O7="y",1,Q7+1) -> 2 | S8: =IF(R7="y",$E8,S7+$E8) -> 60.1 | T8: =IF(R7="y",1,T7+1) -> 5 | V8: =IF(U7="y",$E8,V7+$E8) -> 60.1 | W8: =IF(U7="y",1,W7+1) -> 5 | Y8: =IF(X7="y",$E8,Y7+$E8) -> 60.1 | Z8: =IF(X7="y",1,Z7+1) -> 5 | AA8: =SUM(E6:E8) -> 45.6 | AB8: =SUM(E4:E8) -> 60.1
C9: 43645 | D9: 4 | E9: 14.6 | F9: 74.7 | H9: =F9/D9 -> 18.675 | I9: Bonus Hour | J9: y | K9: n | L9: =IF(E9=0,"y","") | M9: =IF(L8="y",E9,M8+E9) -> 74.7 | N9: =IF(L8="y",1,N8+1) -> 6 | O9: =IF(L9<>"y", IF(E9<10,"y",""),"") | P9: =IF(O8="y",E9,P8+E9) -> 52.2 | Q9: =IF(O8="y",1,Q8+1) -> 3 | S9: =IF(R8="y",$E9,S8+$E9) -> 74.7 | T9: =IF(R8="y",1,T8+1) -> 6 | V9: =IF(U8="y",$E9,V8+$E9) -> 74.7 | W9: =IF(U8="y",1,W8+1) -> 6 | Y9: =IF(X8="y",$E9,Y8+$E9) -> 74.7 | Z9: =IF(X8="y",1,Z8+1) -> 6 | AA9: =SUM(E7:E9) -> 52.2 | AB9: =SUM(E5:E9) -> 61.2
C10: 43646 | D10: 5 | E10: 18.5 | F10: 93.2 | H10: =F10/D10 -> 18.64 | I10: Solo Winter | J10: y | K10: n | L10: =IF(E10=0,"y","") | M10: =IF(L9="y",E10,M9+E10) -> 93.2 | N10: =IF(L9="y",1,N9+1) -> 7 | O10: =IF(L10<>"y", IF(E10<10,"y",""),"") | P10: =IF(O9="y",E10,P9+E10) -> 70.7 | Q10: =IF(O9="y",1,Q9+1) -> 4 | S10: =IF(R9="y",$E10,S9+$E10) -> 93.2 | T10: =IF(R9="y",1,T9+1) -> 7 | V10: =IF(U9="y",$E10,V9+$E10) -> 93.2 | W10: =IF(U9="y",1,W9+1) -> 7 | Y10: =IF(X9="y",$E10,Y9+$E10) -> 93.2 | Z10: =IF(X9="y",1,Z9+1) -> 7 | AA10: =SUM(E8:E10) -> 56.3 | AB10: =SUM(E6:E10) -> 78.7 | AC10: =SUM(E4:E10) -> 93.2
C11: 43647 | D11: 6 | E11: 7.2 | F11: 100.4 | H11: =F11/D11 -> 16.733333 | I11: Nobo PCT | J11: y | K11: n | L11: =IF(E11=0,"y","") | M11: =IF(L10="y",E11,M10+E11) -> 100.4 | N11: =IF(L10="y",1,N10+1) -> 8 | O11: =IF(L11<>"y", IF(E11<10,"y",""),"") -> y | P11: =IF(O10="y",E11,P10+E11) -> 77.9 | Q11: =IF(O10="y",1,Q10+1) -> 5 | S11: =IF(R10="y",$E11,S10+$E11) -> 100.4 | T11: =IF(R10="y",1,T10+1) -> 8 | V11: =IF(U10="y",$E11,V10+$E11) -> 100.4 | W11: =IF(U10="y",1,W10+1) -> 8 | Y11: =IF(X10="y",$E11,Y10+$E11) -> 100.4 | Z11: =IF(X10="y",1,Z10+1) -> 8 | AA11: =SUM(E9:E11) -> 40.3 | AB11: =SUM(E7:E11) -> 77.9 | AC11: =SUM(E5:E11) -> 86.9
B12: East Glacier | C12: 43648 | D12: 7 | E12: 11.5 | F12: 111.9 | H12: =F12/D12 -> 15.985714 | I12: Brownie's Hostel | J12: n | K12: y | L12: =IF(E12=0,"y","") | M12: =IF(L11="y",E12,M11+E12) -> 111.9 | N12: =IF(L11="y",1,N11+1) -> 9 | O12: =IF(L12<>"y", IF(E12<10,"y",""),"") | P12: =IF(O11="y",E12,P11+E12) -> 11.5 | Q12: =IF(O11="y",1,Q11+1) -> 1 | S12: =IF(R11="y",$E12,S11+$E12) -> 111.9 | T12: =IF(R11="y",1,T11+1) -> 9 | V12: =IF(U11="y",$E12,V11+$E12) -> 111.9 | W12: =IF(U11="y",1,W11+1) -> 9 | X12: y | Y12: =IF(X11="y",$E12,Y11+$E12) -> 111.9 | Z12: =IF(X11="y",1,Z11+1) -> 9 | AA12: =SUM(E10:E12) -> 37.2 | AB12: =SUM(E8:E12) -> 75 | AC12: =SUM(E6:E12) -> 97.4
C13: 43649 | D13: 8 | E13: 5.5 | F13: 117.4 | H13: =F13/D13 -> 14.675 | I13: Shhh Secret | J13: y | K13: n | L13: =IF(E13=0,"y","") | M13: =IF(L12="y",E13,M12+E13) -> 117.4 | N13: =IF(L12="y",1,N12+1) -> 10 | O13: =IF(L13<>"y", IF(E13<10,"y",""),"") -> y | P13: =IF(O12="y",E13,P12+E13) -> 17 | Q13: =IF(O12="y",1,Q12+1) -> 2 | S13: =IF(R12="y",$E13,S12+$E13) -> 117.4 | T13: =IF(R12="y",1,T12+1) -> 10 | V13: =IF(U12="y",$E13,V12+$E13) -> 117.4 | W13: =IF(U12="y",1,W12+1) -> 10 | Y13: =IF(X12="y",$E13,Y12+$E13) -> 5.5 | Z13: =IF(X12="y",1,Z12+1) -> 1 | AA13: =SUM(E11:E13) -> 24.2 | AB13: =SUM(E9:E13) -> 57.3 | AC13: =SUM(E7:E13) -> 94.9 | AD13: =SUM(E4:E13) -> 117.4
C14: 43650 | D14: 9 | E14: 17 | F14: 134.4 | H14: =F14/D14 -> 14.933333 | I14: Comfy Cemetary | J14: y | K14: n | L14: =IF(E14=0,"y","") | M14: =IF(L13="y",E14,M13+E14) -> 134.4 | N14: =IF(L13="y",1,N13+1) -> 11 | O14: =IF(L14<>"y", IF(E14<10,"y",""),"") | P14: =IF(O13="y",E14,P13+E14) -> 17 | Q14: =IF(O13="y",1,Q13+1) -> 1 | S14: =IF(R13="y",$E14,S13+$E14) -> 134.4 | T14: =IF(R13="y",1,T13+1) -> 11 | V14: =IF(U13="y",$E14,V13+$E14) -> 134.4 | W14: =IF(U13="y",1,W13+1) -> 11 | Y14: =IF(X13="y",$E14,Y13+$E14) -> 22.5 | Z14: =IF(X13="y",1,Z13+1) -> 2 | AA14: =SUM(E12:E14) -> 34 | AB14: =SUM(E10:E14) -> 59.7 | AC14: =SUM(E8:E14) -> 97.5 | AD14: =SUM(E5:E14) -> 120.9
C15: 43651 | D15: 10 | E15: 17 | F15: 151.4 | H15: =F15/D15 -> 15.14 | I15: Cold Soak Date | J15: y | K15: n | L15: =IF(E15=0,"y","") | M15: =IF(L14="y",E15,M14+E15) -> 151.4 | N15: =IF(L14="y",1,N14+1) -> 12 | O15: =IF(L15<>"y", IF(E15<10,"y",""),"") | P15: =IF(O14="y",E15,P14+E15) -> 34 | Q15: =IF(O14="y",1,Q14+1) -> 2 | S15: =IF(R14="y",$E15,S14+$E15) -> 151.4 | T15: =IF(R14="y",1,T14+1) -> 12 | V15: =IF(U14="y",$E15,V14+$E15) -> 151.4 | W15: =IF(U14="y",1,W14+1) -> 12 | Y15: =IF(X14="y",$E15,Y14+$E15) -> 39.5 | Z15: =IF(X14="y",1,Z14+1) -> 3 | AA15: =SUM(E13:E15) -> 39.5 | AB15: =SUM(E11:E15) -> 58.2 | AC15: =SUM(E9:E15) -> 91.3 | AD15: =SUM(E6:E15) -> 136.9
A16: Week 2 | C16: 43652 | D16: 11 | E16: 15.5 | F16: 166.9 | H16: =F16/D16 -> 15.172727 | I16: Strawberry Field | J16: y | K16: n | L16: =IF(E16=0,"y","") | M16: =IF(L15="y",E16,M15+E16) -> 166.9 | N16: =IF(L15="y",1,N15+1) -> 13 | O16: =IF(L16<>"y", IF(E16<10,"y",""),"") | P16: =IF(O15="y",E16,P15+E16) -> 49.5 | Q16: =IF(O15="y",1,Q15+1) -> 3 | S16: =IF(R15="y",$E16,S15+$E16) -> 166.9 | T16: =IF(R15="y",1,T15+1) -> 13 | V16: =IF(U15="y",$E16,V15+$E16) -> 166.9 | W16: =IF(U15="y",1,W15+1) -> 13 | Y16: =IF(X15="y",$E16,Y15+$E16) -> 55 | Z16: =IF(X15="y",1,Z15+1) -> 4 | AA16: =SUM(E14:E16) -> 49.5 | AB16: =SUM(E12:E16) -> 66.5 | AC16: =SUM(E10:E16) -> 92.2 | AD16: =SUM(E7:E16) -> 144.4
C17: 43653 | D17: 12 | E17: 17.5 | F17: 184.4 | H17: =F17/D17 -> 15.366667 | I17: Cute Switchbacks | J17: y | K17: n | L17: =IF(E17=0,"y","") | M17: =IF(L16="y",E17,M16+E17) -> 184.4 | N17: =IF(L16="y",1,N16+1) -> 14 | O17: =IF(L17<>"y", IF(E17<10,"y",""),"") | P17: =IF(O16="y",E17,P16+E17) -> 67 | Q17: =IF(O16="y",1,Q16+1) -> 4 | S17: =IF(R16="y",$E17,S16+$E17) -> 184.4 | T17: =IF(R16="y",1,T16+1) -> 14 | V17: =IF(U16="y",$E17,V16+$E17) -> 184.4 | W17: =IF(U16="y",1,W16+1) -> 14 | Y17: =IF(X16="y",$E17,Y16+$E17) -> 72.5 | Z17: =IF(X16="y",1,Z16+1) -> 5 | AA17: =SUM(E15:E17) -> 50 | AB17: =SUM(E13:E17) -> 72.5 | AC17: =SUM(E11:E17) -> 91.2 | AD17: =SUM(E8:E17) -> 147.5 | AE17: =SUM(E4:E17) -> 184.4
C18: 43654 | D18: 13 | E18: 17.3 | F18: 201.7 | H18: =F18/D18 -> 15.515385 | I18: I'm Feeling Hot Hot Hot | J18: y | K18: n | L18: =IF(E18=0,"y","") | M18: =IF(L17="y",E18,M17+E18) -> 201.7 | N18: =IF(L17="y",1,N17+1) -> 15 | O18: =IF(L18<>"y", IF(E18<10,"y",""),"") | P18: =IF(O17="y",E18,P17+E18) -> 84.3 | Q18: =IF(O17="y",1,Q17+1) -> 5 | S18: =IF(R17="y",$E18,S17+$E18) -> 201.7 | T18: =IF(R17="y",1,T17+1) -> 15 | V18: =IF(U17="y",$E18,V17+$E18) -> 201.7 | W18: =IF(U17="y",1,W17+1) -> 15 | Y18: =IF(X17="y",$E18,Y17+$E18) -> 89.8 | Z18: =IF(X17="y",1,Z17+1) -> 6 | AA18: =SUM(E16:E18) -> 50.3 | AB18: =SUM(E14:E18) -> 84.3 | AC18: =SUM(E12:E18) -> 101.3 | AD18: =SUM(E9:E18) -> 141.6 | AE18: =SUM(E5:E18) -> 188.2
C19: 43655 | D19: 14 | E19: 18.3 | F19: 220 | H19: =F19/D19 -> 15.714286 | I19: Golden Hour Meadow | J19: y | K19: n | L19: =IF(E19=0,"y","") | M19: =IF(L18="y",E19,M18+E19) -> 220 | N19: =IF(L18="y",1,N18+1) -> 16 | O19: =IF(L19<>"y", IF(E19<10,"y",""),"") | P19: =IF(O18="y",E19,P18+E19) -> 102.6 | Q19: =IF(O18="y",1,Q18+1) -> 6 | S19: =IF(R18="y",$E19,S18+$E19) -> 220 | T19: =IF(R18="y",1,T18+1) -> 16 | V19: =IF(U18="y",$E19,V18+$E19) -> 220 | W19: =IF(U18="y",1,W18+1) -> 16 | Y19: =IF(X18="y",$E19,Y18+$E19) -> 108.1 | Z19: =IF(X18="y",1,Z18+1) -> 7 | AA19: =SUM(E17:E19) -> 53.1 | AB19: =SUM(E15:E19) -> 85.6 | AC19: =SUM(E13:E19) -> 108.1 | AD19: =SUM(E10:E19) -> 145.3 | AE19: =SUM(E6:E19) -> 205.5
B20: Benchmark/Augusta | C20: 43656 | D20: 15 | E20: 9.4 | F20: 229.4 | H20: =F20/D20 -> 15.293333 | I20: Kalamatagusta | J20: y | K20: n | L20: =IF(E20=0,"y","") | M20: =IF(L19="y",E20,M19+E20) -> 229.4 | N20: =IF(L19="y",1,N19+1) -> 17 | O20: =IF(L20<>"y", IF(E20<10,"y",""),"") -> y | P20: =IF(O19="y",E20,P19+E20) -> 112 | Q20: =IF(O19="y",1,Q19+1) -> 7 | S20: =IF(R19="y",$E20,S19+$E20) -> 229.4 | T20: =IF(R19="y",1,T19+1) -> 17 | V20: =IF(U19="y",$E20,V19+$E20) -> 229.4 | W20: =IF(U19="y",1,W19+1) -> 17 | Y20: =IF(X19="y",$E20,Y19+$E20) -> 117.5 | Z20: =IF(X19="y",1,Z19+1) -> 8 | AA20: =SUM(E18:E20) -> 45 | AB20: =SUM(E16:E20) -> 78 | AC20: =SUM(E14:E20) -> 112 | AD20: =SUM(E11:E20) -> 136.2 | AE20: =SUM(E7:E20) -> 206.9
C21: 43657 | D21: 16 | E21: 18.8 | F21: 248.2 | H21: =F21/D21 -> 15.5125 | I21: Butterfly Enlightenment | J21: y | K21: n | L21: =IF(E21=0,"y","") | M21: =IF(L20="y",E21,M20+E21) -> 248.2 | N21: =IF(L20="y",1,N20+1) -> 18 | O21: =IF(L21<>"y", IF(E21<10,"y",""),"") | P21: =IF(O20="y",E21,P20+E21) -> 18.8 | Q21: =IF(O20="y",1,Q20+1) -> 1 | S21: =IF(R20="y",$E21,S20+$E21) -> 248.2 | T21: =IF(R20="y",1,T20+1) -> 18 | V21: =IF(U20="y",$E21,V20+$E21) -> 248.2 | W21: =IF(U20="y",1,W20+1) -> 18 | Y21: =IF(X20="y",$E21,Y20+$E21) -> 136.3 | Z21: =IF(X20="y",1,Z20+1) -> 9 | AA21: =SUM(E19:E21) -> 46.5 | AB21: =SUM(E17:E21) -> 81.3 | AC21: =SUM(E15:E21) -> 113.8 | AD21: =SUM(E12:E21) -> 147.8 | AE21: =SUM(E8:E21) -> 211.3
C22: 43658 | D22: 17 | E22: 17.8 | F22: 266 | H22: =F22/D22 -> 15.647059 | I22: Bonus Climb Sunset | J22: y | K22: n | L22: =IF(E22=0,"y","") | M22: =IF(L21="y",E22,M21+E22) -> 266 | N22: =IF(L21="y",1,N21+1) -> 19 | O22: =IF(L22<>"y", IF(E22<10,"y",""),"") | P22: =IF(O21="y",E22,P21+E22) -> 36.6 | Q22: =IF(O21="y",1,Q21+1) -> 2 | S22: =IF(R21="y",$E22,S21+$E22) -> 266 | T22: =IF(R21="y",1,T21+1) -> 19 | V22: =IF(U21="y",$E22,V21+$E22) -> 266 | W22: =IF(U21="y",1,W21+1) -> 19 | Y22: =IF(X21="y",$E22,Y21+$E22) -> 154.1 | Z22: =IF(X21="y",1,Z21+1) -> 10 | AA22: =SUM(E20:E22) -> 46 | AB22: =SUM(E18:E22) -> 81.6 | AC22: =SUM(E16:E22) -> 114.6 | AD22: =SUM(E13:E22) -> 154.1 | AE22: =SUM(E9:E22) -> 205.9
A23: Week 3 | C23: 43659 | D23: 18 | E23: 18 | F23: 284 | H23: =F23/D23 -> 15.777778 | I23: Golden Water Source | J23: y | K23: n | L23: =IF(E23=0,"y","") | M23: =IF(L22="y",E23,M22+E23) -> 284 | N23: =IF(L22="y",1,N22+1) -> 20 | O23: =IF(L23<>"y", IF(E23<10,"y",""),"") | P23: =IF(O22="y",E23,P22+E23) -> 54.6 | Q23: =IF(O22="y",1,Q22+1) -> 3 | S23: =IF(R22="y",$E23,S22+$E23) -> 284 | T23: =IF(R22="y",1,T22+1) -> 20 | V23: =IF(U22="y",$E23,V22+$E23) -> 284 | W23: =IF(U22="y",1,W22+1) -> 20 | Y23: =IF(X22="y",$E23,Y22+$E23) -> 172.1 | Z23: =IF(X22="y",1,Z22+1) -> 11 | AA23: =SUM(E21:E23) -> 54.6 | AB23: =SUM(E19:E23) -> 82.3 | AC23: =SUM(E17:E23) -> 117.1 | AD23: =SUM(E14:E23) -> 166.6 | AE23: =SUM(E10:E23) -> 209.3
C24: 43660 | D24: 19 | E24: 18.1 | F24: 302.1 | H24: =F24/D24 -> 15.9 | I24: Beautiful Moon Dead Log | J24: y | K24: n | L24: =IF(E24=0,"y","") | M24: =IF(L23="y",E24,M23+E24) -> 302.1 | N24: =IF(L23="y",1,N23+1) -> 21 | O24: =IF(L24<>"y", IF(E24<10,"y",""),"") | P24: =IF(O23="y",E24,P23+E24) -> 72.7 | Q24: =IF(O23="y",1,Q23+1) -> 4 | S24: =IF(R23="y",$E24,S23+$E24) -> 302.1 | T24: =IF(R23="y",1,T23+1) -> 21 | V24: =IF(U23="y",$E24,V23+$E24) -> 302.1 | W24: =IF(U23="y",1,W23+1) -> 21 | Y24: =IF(X23="y",$E24,Y23+$E24) -> 190.2 | Z24: =IF(X23="y",1,Z23+1) -> 12 | AA24: =SUM(E22:E24) -> 53.9 | AB24: =SUM(E20:E24) -> 82.1 | AC24: =SUM(E18:E24) -> 117.7 | AD24: =SUM(E15:E24) -> 167.7 | AE24: =SUM(E11:E24) -> 208.9
C25: 43661 | D25: 20 | E25: 21.1 | F25: 323.2 | H25: =F25/D25 -> 16.16 | I25: Edge of the Divide | J25: y | K25: n | L25: =IF(E25=0,"y","") | M25: =IF(L24="y",E25,M24+E25) -> 323.2 | N25: =IF(L24="y",1,N24+1) -> 22 | O25: =IF(L25<>"y", IF(E25<10,"y",""),"") | P25: =IF(O24="y",E25,P24+E25) -> 93.8 | Q25: =IF(O24="y",1,Q24+1) -> 5 | S25: =IF(R24="y",$E25,S24+$E25) -> 323.2 | T25: =IF(R24="y",1,T24+1) -> 22 | V25: =IF(U24="y",$E25,V24+$E25) -> 323.2 | W25: =IF(U24="y",1,W24+1) -> 22 | Y25: =IF(X24="y",$E25,Y24+$E25) -> 211.3 | Z25: =IF(X24="y",1,Z24+1) -> 13 | AA25: =SUM(E23:E25) -> 57.2 | AB25: =SUM(E21:E25) -> 93.8 | AC25: =SUM(E19:E25) -> 121.5 | AD25: =SUM(E16:E25) -> 171.8 | AE25: =SUM(E12:E25) -> 222.8
C26: 43662 | D26: 21 | E26: 21 | F26: 344.2 | H26: =F26/D26 -> 16.390476 | I26: 21 is the New 31 Miles Meadow | J26: y | K26: n | L26: =IF(E26=0,"y","") | M26: =IF(L25="y",E26,M25+E26) -> 344.2 | N26: =IF(L25="y",1,N25+1) -> 23 | O26: =IF(L26<>"y", IF(E26<10,"y",""),"") | P26: =IF(O25="y",E26,P25+E26) -> 114.8 | Q26: =IF(O25="y",1,Q25+1) -> 6 | S26: =IF(R25="y",$E26,S25+$E26) -> 344.2 | T26: =IF(R25="y",1,T25+1) -> 23 | V26: =IF(U25="y",$E26,V25+$E26) -> 344.2 | W26: =IF(U25="y",1,W25+1) -> 23 | Y26: =IF(X25="y",$E26,Y25+$E26) -> 232.3 | Z26: =IF(X25="y",1,Z25+1) -> 14 | AA26: =SUM(E24:E26) -> 60.2 | AB26: =SUM(E22:E26) -> 96 | AC26: =SUM(E20:E26) -> 124.2 | AD26: =SUM(E17:E26) -> 177.3 | AE26: =SUM(E13:E26) -> 232.3
B27: Helena | C27: 43663 | D27: 22 | E27: 8.5 | F27: 352.7 | H27: =F27/D27 -> 16.031818 | I27: Budget Inn Express | J27: n | K27: y | L27: =IF(E27=0,"y","") | M27: =IF(L26="y",E27,M26+E27) -> 352.7 | N27: =IF(L26="y",1,N26+1) -> 24 | O27: =IF(L27<>"y", IF(E27<10,"y",""),"") -> y | P27: =IF(O26="y",E27,P26+E27) -> 123.3 | Q27: =IF(O26="y",1,Q26+1) -> 7 | S27: =IF(R26="y",$E27,S26+$E27) -> 352.7 | T27: =IF(R26="y",1,T26+1) -> 24 | U27: y | V27: =IF(U26="y",$E27,V26+$E27) -> 352.7 | W27: =IF(U26="y",1,W26+1) -> 24 | X27: y | Y27: =IF(X26="y",$E27,Y26+$E27) -> 240.8 | Z27: =IF(X26="y",1,Z26+1) -> 15 | AA27: =SUM(E25:E27) -> 50.6 | AB27: =SUM(E23:E27) -> 86.7 | AC27: =SUM(E21:E27) -> 123.3 | AD27: =SUM(E18:E27) -> 168.3 | AE27: =SUM(E14:E27) -> 235.3
C28: 43664 | D28: 23 | E28: 0 | F28: 352.7 | H28: =F28/D28 -> 15.334783 | I28: Zero in Helena | J28: n | K28: y | L28: =IF(E28=0,"y","") -> y | M28: =IF(L27="y",E28,M27+E28) -> 352.7 | N28: =IF(L27="y",1,N27+1) -> 25 | O28: y | P28: =IF(O27="y",E28,P27+E28) -> 0 | Q28: =IF(O27="y",1,Q27+1) -> 1 | S28: =IF(R27="y",$E28,S27+$E28) -> 352.7 | T28: =IF(R27="y",1,T27+1) -> 25 | V28: =IF(U27="y",$E28,V27+$E28) -> 0 | W28: =IF(U27="y",1,W27+1) -> 1 | X28: y | Y28: =IF(X27="y",$E28,Y27+$E28) -> 0 | Z28: =IF(X27="y",1,Z27+1) -> 1 | AA28: =SUM(E26:E28) -> 29.5 | AB28: =SUM(E24:E28) -> 68.7 | AC28: =SUM(E22:E28) -> 104.5 | AD28: =SUM(E19:E28) -> 151 | AE28: =SUM(E15:E28) -> 218.3
C29: 43665 | D29: 24 | E29: 4 | F29: 356.7 | H29: =F29/D29 -> 14.8625 | I29: Too Fresh to Hike | J29: y | K29: n | L29: =IF(E29=0,"y","") | M29: =IF(L28="y",E29,M28+E29) -> 4 | N29: =IF(L28="y",1,N28+1) -> 1 | O29: =IF(L29<>"y", IF(E29<10,"y",""),"") -> y | P29: =IF(O28="y",E29,P28+E29) -> 4 | Q29: =IF(O28="y",1,Q28+1) -> 1 | S29: =IF(R28="y",$E29,S28+$E29) -> 356.7 | T29: =IF(R28="y",1,T28+1) -> 26 | V29: =IF(U28="y",$E29,V28+$E29) -> 4 | W29: =IF(U28="y",1,W28+1) -> 2 | Y29: =IF(X28="y",$E29,Y28+$E29) -> 4 | Z29: =IF(X28="y",1,Z28+1) -> 1 | AA29: =SUM(E27:E29) -> 12.5 | AB29: =SUM(E25:E29) -> 54.6 | AC29: =SUM(E23:E29) -> 90.7 | AD29: =SUM(E20:E29) -> 136.7 | AE29: =SUM(E16:E29) -> 205.3
A30: Week 4 | C30: 43666 | D30: 25 | E30: 21 | F30: 377.7 | H30: =F30/D30 -> 15.108 | I30: Kismet Spring | J30: y | K30: n | L30: =IF(E30=0,"y","") | M30: =IF(L29="y",E30,M29+E30) -> 25 | N30: =IF(L29="y",1,N29+1) -> 2 | O30: =IF(L30<>"y", IF(E30<10,"y",""),"") | P30: =IF(O29="y",E30,P29+E30) -> 21 | Q30: =IF(O29="y",1,Q29+1) -> 1 | S30: =IF(R29="y",$E30,S29+$E30) -> 377.7 | T30: =IF(R29="y",1,T29+1) -> 27 | V30: =IF(U29="y",$E30,V29+$E30) -> 25 | W30: =IF(U29="y",1,W29+1) -> 3 | Y30: =IF(X29="y",$E30,Y29+$E30) -> 25 | Z30: =IF(X29="y",1,Z29+1) -> 2 | AA30: =SUM(E28:E30) -> 25 | AB30: =SUM(E26:E30) -> 54.5 | AC30: =SUM(E24:E30) -> 93.7 | AD30: =SUM(E21:E30) -> 148.3 | AE30: =SUM(E17:E30) -> 210.8
C31: 43667 | D31: 26 | E31: 21 | F31: 398.7 | H31: =F31/D31 -> 15.334615 | I31: Afternoon | J31: y | K31: n | L31: =IF(E31=0,"y","") | M31: =IF(L30="y",E31,M30+E31) -> 46 | N31: =IF(L30="y",1,N30+1) -> 3 | O31: =IF(L31<>"y", IF(E31<10,"y",""),"") | P31: =IF(O30="y",E31,P30+E31) -> 42 | Q31: =IF(O30="y",1,Q30+1) -> 2 | S31: =IF(R30="y",$E31,S30+$E31) -> 398.7 | T31: =IF(R30="y",1,T30+1) -> 28 | V31: =IF(U30="y",$E31,V30+$E31) -> 46 | W31: =IF(U30="y",1,W30+1) -> 4 | Y31: =IF(X30="y",$E31,Y30+$E31) -> 46 | Z31: =IF(X30="y",1,Z30+1) -> 3 | AA31: =SUM(E29:E31) -> 46 | AB31: =SUM(E27:E31) -> 54.5 | AC31: =SUM(E25:E31) -> 96.6 | AD31: =SUM(E22:E31) -> 150.5 | AE31: =SUM(E18:E31) -> 214.3 | AF31: =SUM(E4:E31) -> 398.7
C32: 43668 | D32: 27 | E32: 17.5 | F32: 416.2 | H32: =F32/D32 -> 15.414815 | I32: A Juniper Bush Short of a Sandwich | J32: y | K32: n | L32: =IF(E32=0,"y","") | M32: =IF(L31="y",E32,M31+E32) -> 63.5 | N32: =IF(L31="y",1,N31+1) -> 4 | O32: =IF(L32<>"y", IF(E32<10,"y",""),"") | P32: =IF(O31="y",E32,P31+E32) -> 59.5 | Q32: =IF(O31="y",1,Q31+1) -> 3 | S32: =IF(R31="y",$E32,S31+$E32) -> 416.2 | T32: =IF(R31="y",1,T31+1) -> 29 | V32: =IF(U31="y",$E32,V31+$E32) -> 63.5 | W32: =IF(U31="y",1,W31+1) -> 5 | Y32: =IF(X31="y",$E32,Y31+$E32) -> 63.5 | Z32: =IF(X31="y",1,Z31+1) -> 4 | AA32: =SUM(E30:E32) -> 59.5 | AB32: =SUM(E28:E32) -> 63.5 | AC32: =SUM(E26:E32) -> 93 | AD32: =SUM(E23:E32) -> 150.2 | AE32: =SUM(E19:E32) -> 214.5 | AF32: =SUM(E5:E32) -> 402.7
B33: Anaconda | C33: 43669 | D33: 28 | E33: 15 | F33: 431.2 | H33: =F33/D33 -> 15.4 | I33: Scooch Closer 2.0 | J33: n | K33: n | L33: =IF(E33=0,"y","") | M33: =IF(L32="y",E33,M32+E33) -> 78.5 | N33: =IF(L32="y",1,N32+1) -> 5 | O33: =IF(L33<>"y", IF(E33<10,"y",""),"") | P33: =IF(O32="y",E33,P32+E33) -> 74.5 | Q33: =IF(O32="y",1,Q32+1) -> 4 | S33: =IF(R32="y",$E33,S32+$E33) -> 431.2 | T33: =IF(R32="y",1,T32+1) -> 30 | V33: =IF(U32="y",$E33,V32+$E33) -> 78.5 | W33: =IF(U32="y",1,W32+1) -> 6 | X33: y | Y33: =IF(X32="y",$E33,Y32+$E33) -> 78.5 | Z33: =IF(X32="y",1,Z32+1) -> 5 | AA33: =SUM(E31:E33) -> 53.5 | AB33: =SUM(E29:E33) -> 78.5 | AC33: =SUM(E27:E33) -> 87 | AD33: =SUM(E24:E33) -> 147.2 | AE33: =SUM(E20:E33) -> 211.2 | AF33: =SUM(E6:E33) -> 416.7
C34: 43670 | D34: 29 | E34: 25 | F34: 456.2 | H34: =F34/D34 -> 15.731034 | I34: Naked 'Schwhack Alpenglow | J34: y | K34: n | L34: =IF(E34=0,"y","") | M34: =IF(L33="y",E34,M33+E34) -> 103.5 | N34: =IF(L33="y",1,N33+1) -> 6 | O34: =IF(L34<>"y", IF(E34<10,"y",""),"") | P34: =IF(O33="y",E34,P33+E34) -> 99.5 | Q34: =IF(O33="y",1,Q33+1) -> 5 | S34: =IF(R33="y",$E34,S33+$E34) -> 456.2 | T34: =IF(R33="y",1,T33+1) -> 31 | V34: =IF(U33="y",$E34,V33+$E34) -> 103.5 | W34: =IF(U33="y",1,W33+1) -> 7 | Y34: =IF(X33="y",$E34,Y33+$E34) -> 25 | Z34: =IF(X33="y",1,Z33+1) -> 1 | AA34: =SUM(E32:E34) -> 57.5 | AB34: =SUM(E30:E34) -> 99.5 | AC34: =SUM(E28:E34) -> 103.5 | AD34: =SUM(E25:E34) -> 154.1 | AE34: =SUM(E21:E34) -> 226.8 | AF34: =SUM(E7:E34) -> 433.7
C35: 43671 | D35: 30 | E35: 24 | F35: 480.2 | H35: =F35/D35 -> 16.006667 | I35: First Nobo | J35: y | K35: n | L35: =IF(E35=0,"y","") | M35: =IF(L34="y",E35,M34+E35) -> 127.5 | N35: =IF(L34="y",1,N34+1) -> 7 | O35: =IF(L35<>"y", IF(E35<10,"y",""),"") | P35: =IF(O34="y",E35,P34+E35) -> 123.5 | Q35: =IF(O34="y",1,Q34+1) -> 6 | S35: =IF(R34="y",$E35,S34+$E35) -> 480.2 | T35: =IF(R34="y",1,T34+1) -> 32 | V35: =IF(U34="y",$E35,V34+$E35) -> 127.5 | W35: =IF(U34="y",1,W34+1) -> 8 | Y35: =IF(X34="y",$E35,Y34+$E35) -> 49 | Z35: =IF(X34="y",1,Z34+1) -> 2 | AA35: =SUM(E33:E35) -> 64 | AB35: =SUM(E31:E35) -> 102.5 | AC35: =SUM(E29:E35) -> 127.5 | AD35: =SUM(E26:E35) -> 157 | AE35: =SUM(E22:E35) -> 232 | AF35: =SUM(E8:E35) -> 443.3
C36: 43672 | D36: 31 | E36: 16 | F36: 496.2 | H36: =F36/D36 -> 16.006452 | I36: SpiceRack is my Hero | J36: y | K36: n | L36: =IF(E36=0,"y","") | M36: =IF(L35="y",E36,M35+E36) -> 143.5 | N36: =IF(L35="y",1,N35+1) -> 8 | O36: =IF(L36<>"y", IF(E36<10,"y",""),"") | P36: =IF(O35="y",E36,P35+E36) -> 139.5 | Q36: =IF(O35="y",1,Q35+1) -> 7 | S36: =IF(R35="y",$E36,S35+$E36) -> 496.2 | T36: =IF(R35="y",1,T35+1) -> 33 | V36: =IF(U35="y",$E36,V35+$E36) -> 143.5 | W36: =IF(U35="y",1,W35+1) -> 9 | Y36: =IF(X35="y",$E36,Y35+$E36) -> 65 | Z36: =IF(X35="y",1,Z35+1) -> 3 | AA36: =SUM(E34:E36) -> 65 | AB36: =SUM(E32:E36) -> 97.5 | AC36: =SUM(E30:E36) -> 139.5 | AD36: =SUM(E27:E36) -> 152 | AE36: =SUM(E23:E36) -> 230.2 | AF36: =SUM(E9:E36) -> 436.1
A37: Week 5 | C37: 43673 | D37: 32 | E37: 30 | F37: 526.2 | H37: =F37/D37 -> 16.44375 | I37: Surprise 30 | J37: y | K37: n | L37: =IF(E37=0,"y","") | M37: =IF(L36="y",E37,M36+E37) -> 173.5 | N37: =IF(L36="y",1,N36+1) -> 9 | O37: =IF(L37<>"y", IF(E37<10,"y",""),"") | P37: =IF(O36="y",E37,P36+E37) -> 169.5 | Q37: =IF(O36="y",1,Q36+1) -> 8 | S37: =IF(R36="y",$E37,S36+$E37) -> 526.2 | T37: =IF(R36="y",1,T36+1) -> 34 | V37: =IF(U36="y",$E37,V36+$E37) -> 173.5 | W37: =IF(U36="y",1,W36+1) -> 10 | Y37: =IF(X36="y",$E37,Y36+$E37) -> 95 | Z37: =IF(X36="y",1,Z36+1) -> 4 | AA37: =SUM(E35:E37) -> 70 | AB37: =SUM(E33:E37) -> 110 | AC37: =SUM(E31:E37) -> 148.5 | AD37: =SUM(E28:E37) -> 173.5 | AE37: =SUM(E24:E37) -> 242.2 | AF37: =SUM(E10:E37) -> 451.5
A38: Montana/Idaho | B38: Darby | C38: 43674 | D38: 33 | E38: 2.6 | F38: 528.8 | H38: =F38/D38 -> 16.024242 | I38: Curtis's House | J38: n | K38: y | L38: =IF(E38=0,"y","") | M38: =IF(L37="y",E38,M37+E38) -> 176.1 | N38: =IF(L37="y",1,N37+1) -> 10 | O38: =IF(L38<>"y", IF(E38<10,"y",""),"") -> y | P38: =IF(O37="y",E38,P37+E38) -> 172.1 | Q38: =IF(O37="y",1,Q37+1) -> 9 | S38: =IF(R37="y",$E38,S37+$E38) -> 528.8 | T38: =IF(R37="y",1,T37+1) -> 35 | U38: y | V38: =IF(U37="y",$E38,V37+$E38) -> 176.1 | W38: =IF(U37="y",1,W37+1) -> 11 | X38: y | Y38: =IF(X37="y",$E38,Y37+$E38) -> 97.6 | Z38: =IF(X37="y",1,Z37+1) -> 5 | AA38: =SUM(E36:E38) -> 48.6 | AB38: =SUM(E34:E38) -> 97.6 | AC38: =SUM(E32:E38) -> 130.1 | AD38: =SUM(E29:E38) -> 176.1 | AE38: =SUM(E25:E38) -> 226.7 | AF38: =SUM(E11:E38) -> 435.6
C39: 43675 | D39: 34 | E39: 6.5 | F39: 535.3 | H39: =F39/D39 -> 15.744118 | I39: Where'd the Rain Come From | J39: y | K39: n | L39: =IF(E39=0,"y","") | M39: =IF(L38="y",E39,M38+E39) -> 182.6 | N39: =IF(L38="y",1,N38+1) -> 11 | O39: =IF(L39<>"y", IF(E39<10,"y",""),"") -> y | P39: =IF(O38="y",E39,P38+E39) -> 6.5 | Q39: =IF(O38="y",1,Q38+1) -> 1 | S39: =IF(R38="y",$E39,S38+$E39) -> 535.3 | T39: =IF(R38="y",1,T38+1) -> 36 | V39: =IF(U38="y",$E39,V38+$E39) -> 6.5 | W39: =IF(U38="y",1,W38+1) -> 1 | Y39: =IF(X38="y",$E39,Y38+$E39) -> 6.5 | Z39: =IF(X38="y",1,Z38+1) -> 1 | AA39: =SUM(E37:E39) -> 39.1 | AB39: =SUM(E35:E39) -> 79.1 | AC39: =SUM(E33:E39) -> 119.1 | AD39: =SUM(E30:E39) -> 178.6 | AE39: =SUM(E26:E39) -> 212.1 | AF39: =SUM(E12:E39) -> 434.9
C40: 43676 | D40: 35 | E40: 21.6 | F40: 556.9 | H40: =F40/D40 -> 15.911429 | I40: Too Dark To Name | J40: y | K40: n | L40: =IF(E40=0,"y","") | M40: =IF(L39="y",E40,M39+E40) -> 204.2 | N40: =IF(L39="y",1,N39+1) -> 12 | O40: =IF(L40<>"y", IF(E40<10,"y",""),"") | P40: =IF(O39="y",E40,P39+E40) -> 21.6 | Q40: =IF(O39="y",1,Q39+1) -> 1 | S40: =IF(R39="y",$E40,S39+$E40) -> 556.9 | T40: =IF(R39="y",1,T39+1) -> 37 | V40: =IF(U39="y",$E40,V39+$E40) -> 28.1 | W40: =IF(U39="y",1,W39+1) -> 2 | Y40: =IF(X39="y",$E40,Y39+$E40) -> 28.1 | Z40: =IF(X39="y",1,Z39+1) -> 2 | AA40: =SUM(E38:E40) -> 30.7 | AB40: =SUM(E36:E40) -> 76.7 | AC40: =SUM(E34:E40) -> 125.7 | AD40: =SUM(E31:E40) -> 179.2 | AE40: =SUM(E27:E40) -> 212.7 | AF40: =SUM(E13:E40) -> 445
C41: 43677 | D41: 36 | E41: 24 | F41: 580.9 | H41: =F41/D41 -> 16.136111 | I41: Fancy Seeing You Here | J41: y | K41: n | L41: =IF(E41=0,"y","") | M41: =IF(L40="y",E41,M40+E41) -> 228.2 | N41: =IF(L40="y",1,N40+1) -> 13 | O41: =IF(L41<>"y", IF(E41<10,"y",""),"") | P41: =IF(O40="y",E41,P40+E41) -> 45.6 | Q41: =IF(O40="y",1,Q40+1) -> 2 | S41: =IF(R40="y",$E41,S40+$E41) -> 580.9 | T41: =IF(R40="y",1,T40+1) -> 38 | V41: =IF(U40="y",$E41,V40+$E41) -> 52.1 | W41: =IF(U40="y",1,W40+1) -> 3 | Y41: =IF(X40="y",$E41,Y40+$E41) -> 52.1 | Z41: =IF(X40="y",1,Z40+1) -> 3 | AA41: =SUM(E39:E41) -> 52.1 | AB41: =SUM(E37:E41) -> 84.7 | AC41: =SUM(E35:E41) -> 124.7 | AD41: =SUM(E32:E41) -> 182.2 | AE41: =SUM(E28:E41) -> 228.2 | AF41: =SUM(E14:E41) -> 463.5
C42: 43678 | D42: 37 | E42: 27 | F42: 607.9 | H42: =F42/D42 -> 16.42973 | I42: Fox | J42: y | K42: n | L42: =IF(E42=0,"y","") | M42: =IF(L41="y",E42,M41+E42) -> 255.2 | N42: =IF(L41="y",1,N41+1) -> 14 | O42: =IF(L42<>"y", IF(E42<10,"y",""),"") | P42: =IF(O41="y",E42,P41+E42) -> 72.6 | Q42: =IF(O41="y",1,Q41+1) -> 3 | S42: =IF(R41="y",$E42,S41+$E42) -> 607.9 | T42: =IF(R41="y",1,T41+1) -> 39 | V42: =IF(U41="y",$E42,V41+$E42) -> 79.1 | W42: =IF(U41="y",1,W41+1) -> 4 | Y42: =IF(X41="y",$E42,Y41+$E42) -> 79.1 | Z42: =IF(X41="y",1,Z41+1) -> 4 | AA42: =SUM(E40:E42) -> 72.6 | AB42: =SUM(E38:E42) -> 81.7 | AC42: =SUM(E36:E42) -> 127.7 | AD42: =SUM(E33:E42) -> 191.7 | AE42: =SUM(E29:E42) -> 255.2 | AF42: =SUM(E15:E42) -> 473.5
C43: 43679 | D43: 38 | E43: 27.8 | F43: 635.7 | H43: =F43/D43 -> 16.728947 | I43: Sunrise Slopey | J43: y | K43: n | L43: =IF(E43=0,"y","") | M43: =IF(L42="y",E43,M42+E43) -> 283 | N43: =IF(L42="y",1,N42+1) -> 15 | O43: =IF(L43<>"y", IF(E43<10,"y",""),"") | P43: =IF(O42="y",E43,P42+E43) -> 100.4 | Q43: =IF(O42="y",1,Q42+1) -> 4 | S43: =IF(R42="y",$E43,S42+$E43) -> 635.7 | T43: =IF(R42="y",1,T42+1) -> 40 | V43: =IF(U42="y",$E43,V42+$E43) -> 106.9 | W43: =IF(U42="y",1,W42+1) -> 5 | Y43: =IF(X42="y",$E43,Y42+$E43) -> 106.9 | Z43: =IF(X42="y",1,Z42+1) -> 5 | AA43: =SUM(E41:E43) -> 78.8 | AB43: =SUM(E39:E43) -> 106.9 | AC43: =SUM(E37:E43) -> 139.5 | AD43: =SUM(E34:E43) -> 204.5 | AE43: =SUM(E30:E43) -> 279 | AF43: =SUM(E16:E43) -> 484.3
A44: Week 6 | B44: Idaho Falls/Leadore | C44: 43680 | D44: 39 | E44: 19 | F44: 654.7 | H44: =F44/D44 -> 16.787179 | I44: F.R.I.E.N.D.S. | J44: n | K44: y | L44: =IF(E44=0,"y","") | M44: =IF(L43="y",E44,M43+E44) -> 302 | N44: =IF(L43="y",1,N43+1) -> 16 | O44: =IF(L44<>"y", IF(E44<10,"y",""),"") | P44: =IF(O43="y",E44,P43+E44) -> 119.4 | Q44: =IF(O43="y",1,Q43+1) -> 5 | S44: =IF(R43="y",$E44,S43+$E44) -> 654.7 | T44: =IF(R43="y",1,T43+1) -> 41 | V44: =IF(U43="y",$E44,V43+$E44) -> 125.9 | W44: =IF(U43="y",1,W43+1) -> 6 | X44: y | Y44: =IF(X43="y",$E44,Y43+$E44) -> 125.9 | Z44: =IF(X43="y",1,Z43+1) -> 6 | AA44: =SUM(E42:E44) -> 73.8 | AB44: =SUM(E40:E44) -> 119.4 | AC44: =SUM(E38:E44) -> 128.5 | AD44: =SUM(E35:E44) -> 198.5 | AE44: =SUM(E31:E44) -> 277 | AF44: =SUM(E17:E44) -> 487.8
C45: 43681 | D45: 40 | E45: 0 | F45: 654.7 | H45: =F45/D45 -> 16.3675 | I45: F.R.I.E.N.D.S. | J45: n | K45: y | L45: =IF(E45=0,"y","") -> y | M45: =IF(L44="y",E45,M44+E45) -> 302 | N45: =IF(L44="y",1,N44+1) -> 17 | O45: y | P45: =IF(O44="y",E45,P44+E45) -> 119.4 | Q45: =IF(O44="y",1,Q44+1) -> 6 | S45: =IF(R44="y",$E45,S44+$E45) -> 654.7 | T45: =IF(R44="y",1,T44+1) -> 42 | U45: y | V45: =IF(U44="y",$E45,V44+$E45) -> 125.9 | W45: =IF(U44="y",1,W44+1) -> 7 | X45: y | Y45: =IF(X44="y",$E45,Y44+$E45) -> 0 | Z45: =IF(X44="y",1,Z44+1) -> 1 | AA45: =SUM(E43:E45) -> 46.8 | AB45: =SUM(E41:E45) -> 97.8 | AC45: =SUM(E39:E45) -> 125.9 | AD45: =SUM(E36:E45) -> 174.5 | AE45: =SUM(E32:E45) -> 256 | AF45: =SUM(E18:E45) -> 470.3
C46: 43682 | D46: 41 | E46: 1 | F46: 655.7 | H46: =F46/D46 -> 15.992683 | I46: Wedding | J46: y | K46: n | L46: y | M46: =IF(L45="y",E46,M45+E46) -> 1 | N46: =IF(L45="y",1,N45+1) -> 1 | O46: y | P46: =IF(O45="y",E46,P45+E46) -> 1 | Q46: =IF(O45="y",1,Q45+1) -> 1 | S46: =IF(R45="y",$E46,S45+$E46) -> 655.7 | T46: =IF(R45="y",1,T45+1) -> 43 | V46: =IF(U45="y",$E46,V45+$E46) -> 1 | W46: =IF(U45="y",1,W45+1) -> 1 | Y46: =IF(X45="y",$E46,Y45+$E46) -> 1 | Z46: =IF(X45="y",1,Z45+1) -> 1 | AA46: =SUM(E44:E46) -> 20 | AB46: =SUM(E42:E46) -> 74.8 | AC46: =SUM(E40:E46) -> 120.4 | AD46: =SUM(E37:E46) -> 159.5 | AE46: =SUM(E33:E46) -> 239.5 | AF46: =SUM(E19:E46) -> 454
C47: 43683 | D47: 42 | E47: 4.3 | F47: 660 | H47: =F47/D47 -> 15.714286 | I47: Oh, Boy Pigpen Returns | J47: y | K47: n | L47: =IF(E47=0,"y","") | M47: =IF(L46="y",E47,M46+E47) -> 4.3 | N47: =IF(L46="y",1,N46+1) -> 1 | O47: =IF(L47<>"y", IF(E47<10,"y",""),"") -> y | P47: =IF(O46="y",E47,P46+E47) -> 4.3 | Q47: =IF(O46="y",1,Q46+1) -> 1 | S47: =IF(R46="y",$E47,S46+$E47) -> 660 | T47: =IF(R46="y",1,T46+1) -> 44 | V47: =IF(U46="y",$E47,V46+$E47) -> 5.3 | W47: =IF(U46="y",1,W46+1) -> 2 | Y47: =IF(X46="y",$E47,Y46+$E47) -> 5.3 | Z47: =IF(X46="y",1,Z46+1) -> 2 | AA47: =SUM(E45:E47) -> 5.3 | AB47: =SUM(E43:E47) -> 52.1 | AC47: =SUM(E41:E47) -> 103.1 | AD47: =SUM(E38:E47) -> 133.8 | AE47: =SUM(E34:E47) -> 228.8 | AF47: =SUM(E20:E47) -> 440
C48: 43684 | D48: 43 | E48: 23 | F48: 683 | H48: =F48/D48 -> 15.883721 | I48: Tough Spuds | J48: y | K48: n | L48: =IF(E48=0,"y","") | M48: =IF(L47="y",E48,M47+E48) -> 27.3 | N48: =IF(L47="y",1,N47+1) -> 2 | O48: =IF(L48<>"y", IF(E48<10,"y",""),"") | P48: =IF(O47="y",E48,P47+E48) -> 23 | Q48: =IF(O47="y",1,Q47+1) -> 1 | S48: =IF(R47="y",$E48,S47+$E48) -> 683 | T48: =IF(R47="y",1,T47+1) -> 45 | V48: =IF(U47="y",$E48,V47+$E48) -> 28.3 | W48: =IF(U47="y",1,W47+1) -> 3 | Y48: =IF(X47="y",$E48,Y47+$E48) -> 28.3 | Z48: =IF(X47="y",1,Z47+1) -> 3 | AA48: =SUM(E46:E48) -> 28.3 | AB48: =SUM(E44:E48) -> 47.3 | AC48: =SUM(E42:E48) -> 102.1 | AD48: =SUM(E39:E48) -> 154.2 | AE48: =SUM(E35:E48) -> 226.8 | AF48: =SUM(E21:E48) -> 453.6
C49: 43685 | D49: 44 | E49: 26.3 | F49: 709.3 | H49: =F49/D49 -> 16.120455 | I49: Mud Boots | J49: y | K49: n | L49: =IF(E49=0,"y","") | M49: =IF(L48="y",E49,M48+E49) -> 53.6 | N49: =IF(L48="y",1,N48+1) -> 3 | O49: =IF(L49<>"y", IF(E49<10,"y",""),"") | P49: =IF(O48="y",E49,P48+E49) -> 49.3 | Q49: =IF(O48="y",1,Q48+1) -> 2 | S49: =IF(R48="y",$E49,S48+$E49) -> 709.3 | T49: =IF(R48="y",1,T48+1) -> 46 | V49: =IF(U48="y",$E49,V48+$E49) -> 54.6 | W49: =IF(U48="y",1,W48+1) -> 4 | Y49: =IF(X48="y",$E49,Y48+$E49) -> 54.6 | Z49: =IF(X48="y",1,Z48+1) -> 4 | AA49: =SUM(E47:E49) -> 53.6 | AB49: =SUM(E45:E49) -> 54.6 | AC49: =SUM(E43:E49) -> 101.4 | AD49: =SUM(E40:E49) -> 174 | AE49: =SUM(E36:E49) -> 229.1 | AF49: =SUM(E22:E49) -> 461.1
C50: 43686 | D50: 45 | E50: 20 | F50: 729.3 | H50: =F50/D50 -> 16.206667 | I50: Milky Way | J50: y | K50: n | L50: =IF(E50=0,"y","") | M50: =IF(L49="y",E50,M49+E50) -> 73.6 | N50: =IF(L49="y",1,N49+1) -> 4 | O50: =IF(L50<>"y", IF(E50<10,"y",""),"") | P50: =IF(O49="y",E50,P49+E50) -> 69.3 | Q50: =IF(O49="y",1,Q49+1) -> 3 | S50: =IF(R49="y",$E50,S49+$E50) -> 729.3 | T50: =IF(R49="y",1,T49+1) -> 47 | V50: =IF(U49="y",$E50,V49+$E50) -> 74.6 | W50: =IF(U49="y",1,W49+1) -> 5 | Y50: =IF(X49="y",$E50,Y49+$E50) -> 74.6 | Z50: =IF(X49="y",1,Z49+1) -> 5 | AA50: =SUM(E48:E50) -> 69.3 | AB50: =SUM(E46:E50) -> 74.6 | AC50: =SUM(E44:E50) -> 93.6 | AD50: =SUM(E41:E50) -> 172.4 | AE50: =SUM(E37:E50) -> 233.1 | AF50: =SUM(E23:E50) -> 463.3
A51: Week 7 | C51: 43687 | D51: 46 | E51: 20 | F51: 749.3 | H51: =F51/D51 -> 16.28913 | I51: Sunset Ridge Cowboy | J51: n | K51: n | L51: =IF(E51=0,"y","") | M51: =IF(L50="y",E51,M50+E51) -> 93.6 | N51: =IF(L50="y",1,N50+1) -> 5 | O51: =IF(L51<>"y", IF(E51<10,"y",""),"") | P51: =IF(O50="y",E51,P50+E51) -> 89.3 | Q51: =IF(O50="y",1,Q50+1) -> 4 | S51: =IF(R50="y",$E51,S50+$E51) -> 749.3 | T51: =IF(R50="y",1,T50+1) -> 48 | V51: =IF(U50="y",$E51,V50+$E51) -> 94.6 | W51: =IF(U50="y",1,W50+1) -> 6 | Y51: =IF(X50="y",$E51,Y50+$E51) -> 94.6 | Z51: =IF(X50="y",1,Z50+1) -> 6 | AA51: =SUM(E49:E51) -> 66.3 | AB51: =SUM(E47:E51) -> 93.6 | AC51: =SUM(E45:E51) -> 94.6 | AD51: =SUM(E42:E51) -> 168.4 | AE51: =SUM(E38:E51) -> 223.1 | AF51: =SUM(E24:E51) -> 465.3
A52: MT/ID Miles | B52: Lima | C52: 43688 | D52: 47 | E52: 10 | F52: 759.3 | H52: =F52/D52 -> 16.155319 | I52: Frozen Dew Trespass | J52: n | K52: n | L52: =IF(E52=0,"y","") | M52: =IF(L51="y",E52,M51+E52) -> 103.6 | N52: =IF(L51="y",1,N51+1) -> 6 | O52: =IF(L52<>"y", IF(E52<10,"y",""),"") | P52: =IF(O51="y",E52,P51+E52) -> 99.3 | Q52: =IF(O51="y",1,Q51+1) -> 5 | S52: =IF(R51="y",$E52,S51+$E52) -> 759.3 | T52: =IF(R51="y",1,T51+1) -> 49 | U52: y | V52: =IF(U51="y",$E52,V51+$E52) -> 104.6 | W52: =IF(U51="y",1,W51+1) -> 7 | X52: y | Y52: =IF(X51="y",$E52,Y51+$E52) -> 104.6 | Z52: =IF(X51="y",1,Z51+1) -> 7 | AA52: =SUM(E50:E52) -> 50 | AB52: =SUM(E48:E52) -> 99.3 | AC52: =SUM(E46:E52) -> 104.6 | AD52: =SUM(E43:E52) -> 151.4 | AE52: =SUM(E39:E52) -> 230.5 | AF52: =SUM(E25:E52) -> 457.2
A53: =SUM(E4:E58) -> 897.4 | C53: 43689 | D53: 48 | E53: 20 | F53: 779.3 | H53: =F53/D53 -> 16.235417 | I53: Owl Dinner | J53: n | K53: n | L53: =IF(E53=0,"y","") | M53: =IF(L52="y",E53,M52+E53) -> 123.6 | N53: =IF(L52="y",1,N52+1) -> 7 | O53: =IF(L53<>"y", IF(E53<10,"y",""),"") | P53: =IF(O52="y",E53,P52+E53) -> 119.3 | Q53: =IF(O52="y",1,Q52+1) -> 6 | S53: =IF(R52="y",$E53,S52+$E53) -> 779.3 | T53: =IF(R52="y",1,T52+1) -> 50 | V53: =IF(U52="y",$E53,V52+$E53) -> 20 | W53: =IF(U52="y",1,W52+1) -> 1 | Y53: =IF(X52="y",$E53,Y52+$E53) -> 20 | Z53: =IF(X52="y",1,Z52+1) -> 1 | AA53: =SUM(E51:E53) -> 50 | AB53: =SUM(E49:E53) -> 96.3 | AC53: =SUM(E47:E53) -> 123.6 | AD53: =SUM(E44:E53) -> 143.6 | AE53: =SUM(E40:E53) -> 244 | AF53: =SUM(E26:E53) -> 456.1
A54: MT/ID Days | C54: 43690 | D54: 49 | E54: 25 | F54: 804.3 | H54: =F54/D54 -> 16.414286 | I54: Sunset Teton | J54: y | K54: n | L54: =IF(E54=0,"y","") | M54: =IF(L53="y",E54,M53+E54) -> 148.6 | N54: =IF(L53="y",1,N53+1) -> 8 | O54: =IF(L54<>"y", IF(E54<10,"y",""),"") | P54: =IF(O53="y",E54,P53+E54) -> 144.3 | Q54: =IF(O53="y",1,Q53+1) -> 7 | S54: =IF(R53="y",$E54,S53+$E54) -> 804.3 | T54: =IF(R53="y",1,T53+1) -> 51 | V54: =IF(U53="y",$E54,V53+$E54) -> 45 | W54: =IF(U53="y",1,W53+1) -> 2 | Y54: =IF(X53="y",$E54,Y53+$E54) -> 45 | Z54: =IF(X53="y",1,Z53+1) -> 2 | AA54: =SUM(E52:E54) -> 55 | AB54: =SUM(E50:E54) -> 95 | AC54: =SUM(E48:E54) -> 144.3 | AD54: =SUM(E45:E54) -> 149.6 | AE54: =SUM(E41:E54) -> 247.4 | AF54: =SUM(E27:E54) -> 460.1
A55: =D58 -> 53 | C55: 43691 | D55: 50 | E55: 24.7 | F55: 829 | H55: =F55/D55 -> 16.58 | I55: Squeaky Elk, Black Wolf | J55: y | K55: n | L55: =IF(E55=0,"y","") | M55: =IF(L54="y",E55,M54+E55) -> 173.3 | N55: =IF(L54="y",1,N54+1) -> 9 | O55: =IF(L55<>"y", IF(E55<10,"y",""),"") | P55: =IF(O54="y",E55,P54+E55) -> 169 | Q55: =IF(O54="y",1,Q54+1) -> 8 | S55: =IF(R54="y",$E55,S54+$E55) -> 829 | T55: =IF(R54="y",1,T54+1) -> 52 | V55: =IF(U54="y",$E55,V54+$E55) -> 69.7 | W55: =IF(U54="y",1,W54+1) -> 3 | Y55: =IF(X54="y",$E55,Y54+$E55) -> 69.7 | Z55: =IF(X54="y",1,Z54+1) -> 3 | AA55: =SUM(E53:E55) -> 69.7 | AB55: =SUM(E51:E55) -> 99.7 | AC55: =SUM(E49:E55) -> 146 | AD55: =SUM(E46:E55) -> 174.3 | AE55: =SUM(E42:E55) -> 248.1 | AF55: =SUM(E28:E55) -> 476.3
A56: Mt/ID Avg. | B56: West Yellowstone | C56: 43692 | D56: 51 | E56: 17.6 | F56: 846.6 | H56: =F56/D56 -> 16.6 | I56: 1,2,3,4,5,6 Thunderstorms | J56: y | K56: n | L56: =IF(E56=0,"y","") | M56: =IF(L55="y",E56,M55+E56) -> 190.9 | N56: =IF(L55="y",1,N55+1) -> 10 | O56: =IF(L56<>"y", IF(E56<10,"y",""),"") | P56: =IF(O55="y",E56,P55+E56) -> 186.6 | Q56: =IF(O55="y",1,Q55+1) -> 9 | S56: =IF(R55="y",$E56,S55+$E56) -> 846.6 | T56: =IF(R55="y",1,T55+1) -> 53 | V56: =IF(U55="y",$E56,V55+$E56) -> 87.3 | W56: =IF(U55="y",1,W55+1) -> 4 | Y56: =IF(X55="y",$E56,Y55+$E56) -> 87.3 | Z56: =IF(X55="y",1,Z55+1) -> 4 | AA56: =SUM(E54:E56) -> 67.3 | AB56: =SUM(E52:E56) -> 97.3 | AC56: =SUM(E50:E56) -> 137.3 | AD56: =SUM(E47:E56) -> 190.9 | AE56: =SUM(E43:E56) -> 238.7 | AF56: =SUM(E29:E56) -> 493.9
A57: =A53/A55 -> 16.932075 | C57: 43693 | D57: 52 | E57: 25.5 | F57: 872.1 | H57: =F57/D57 -> 16.771154 | I57: Goodbye Montana | J57: n | K57: n | L57: =IF(E57=0,"y","") | M57: =IF(L56="y",E57,M56+E57) -> 216.4 | N57: =IF(L56="y",1,N56+1) -> 11 | O57: =IF(L57<>"y", IF(E57<10,"y",""),"") | P57: =IF(O56="y",E57,P56+E57) -> 212.1 | Q57: =IF(O56="y",1,Q56+1) -> 10 | S57: =IF(R56="y",$E57,S56+$E57) -> 872.1 | T57: =IF(R56="y",1,T56+1) -> 54 | V57: =IF(U56="y",$E57,V56+$E57) -> 112.8 | W57: =IF(U56="y",1,W56+1) -> 5 | Y57: =IF(X56="y",$E57,Y56+$E57) -> 112.8 | Z57: =IF(X56="y",1,Z56+1) -> 5 | AA57: =SUM(E55:E57) -> 67.8 | AB57: =SUM(E53:E57) -> 112.8 | AC57: =SUM(E51:E57) -> 142.8 | AD57: =SUM(E48:E57) -> 212.1 | AE57: =SUM(E44:E57) -> 236.4 | AF57: =SUM(E30:E57) -> 515.4
A58: Week 8 | C58: 43694 | D58: 53 | E58: 25.3 | F58: 897.4 | H58: =F58/D58 -> 16.932075 | I58: Goodbye Idaho, Hello Wyoming | J58: n | K58: n | L58: =IF(E58=0,"y","") | M58: =IF(L57="y",E58,M57+E58) -> 241.7 | N58: =IF(L57="y",1,N57+1) -> 12 | O58: =IF(L58<>"y", IF(E58<10,"y",""),"") | P58: =IF(O57="y",E58,P57+E58) -> 237.4 | Q58: =IF(O57="y",1,Q57+1) -> 11 | S58: =IF(R57="y",$E58,S57+$E58) -> 897.4 | T58: =IF(R57="y",1,T57+1) -> 55 | V58: =IF(U57="y",$E58,V57+$E58) -> 138.1 | W58: =IF(U57="y",1,W57+1) -> 6 | Y58: =IF(X57="y",$E58,Y57+$E58) -> 138.1 | Z58: =IF(X57="y",1,Z57+1) -> 6 | AA58: =SUM(E56:E58) -> 68.4 | AB58: =SUM(E54:E58) -> 118.1 | AC58: =SUM(E52:E58) -> 148.1 | AD58: =SUM(E49:E58) -> 214.4 | AE58: =SUM(E45:E58) -> 242.7 | AF58: =SUM(E31:E58) -> 519.7
A59: Wyoming | B59: Old Faithful | C59: 43695 | D59: 54 | E59: 12 | F59: 909.4 | H59: =F59/D59 -> 16.840741 | I59: Rub a Dub Dub | J59: n | K59: n | L59: =IF(E59=0,"y","") | M59: =IF(L58="y",E59,M58+E59) -> 253.7 | N59: =IF(L58="y",1,N58+1) -> 13 | O59: =IF(L59<>"y", IF(E59<10,"y",""),"") | P59: =IF(O58="y",E59,P58+E59) -> 249.4 | Q59: =IF(O58="y",1,Q58+1) -> 12 | R59: y | S59: =IF(R58="y",$E59,S58+$E59) -> 909.4 | T59: =IF(R58="y",1,T58+1) -> 56 | V59: =IF(U58="y",$E59,V58+$E59) -> 150.1 | W59: =IF(U58="y",1,W58+1) -> 7 | X59: y | Y59: =IF(X58="y",$E59,Y58+$E59) -> 150.1 | Z59: =IF(X58="y",1,Z58+1) -> 7 | AA59: =SUM(E57:E59) -> 62.8 | AB59: =SUM(E55:E59) -> 105.1 | AC59: =SUM(E53:E59) -> 150.1 | AD59: =SUM(E50:E59) -> 200.1 | AE59: =SUM(E46:E59) -> 254.7 | AF59: =SUM(E32:E59) -> 510.7
C60: 43696 | D60: 55 | E60: 24.5 | F60: 933.9 | H60: =F60/D60 -> 16.98 | I60: Efficient | J60: n | K60: n | L60: =IF(E60=0,"y","") | M60: =IF(L59="y",E60,M59+E60) -> 278.2 | N60: =IF(L59="y",1,N59+1) -> 14 | O60: =IF(L60<>"y", IF(E60<10,"y",""),"") | P60: =IF(O59="y",E60,P59+E60) -> 273.9 | Q60: =IF(O59="y",1,Q59+1) -> 13 | S60: =IF(R59="y",$E60,S59+$E60) -> 24.5 | T60: =IF(R59="y",1,T59+1) -> 1 | V60: =IF(U59="y",$E60,V59+$E60) -> 174.6 | W60: =IF(U59="y",1,W59+1) -> 8 | Y60: =IF(X59="y",$E60,Y59+$E60) -> 24.5 | Z60: =IF(X59="y",1,Z59+1) -> 1 | AA60: =SUM(E58:E60) -> 61.8 | AB60: =SUM(E56:E60) -> 104.9 | AC60: =SUM(E54:E60) -> 154.6 | AD60: =SUM(E51:E60) -> 204.6 | AE60: =SUM(E47:E60) -> 278.2 | AF60: =SUM(E33:E60) -> 517.7
C61: 43697 | D61: 56 | E61: 16 | F61: 949.9 | H61: =F61/D61 -> 16.9625 | I61: Last Worst Mosquitos… | J61: y | K61: n | L61: =IF(E61=0,"y","") | M61: =IF(L60="y",E61,M60+E61) -> 294.2 | N61: =IF(L60="y",1,N60+1) -> 15 | O61: =IF(L61<>"y", IF(E61<10,"y",""),"") | P61: =IF(O60="y",E61,P60+E61) -> 289.9 | Q61: =IF(O60="y",1,Q60+1) -> 14 | S61: =IF(R60="y",$E61,S60+$E61) -> 40.5 | T61: =IF(R60="y",1,T60+1) -> 2 | V61: =IF(U60="y",$E61,V60+$E61) -> 190.6 | W61: =IF(U60="y",1,W60+1) -> 9 | Y61: =IF(X60="y",$E61,Y60+$E61) -> 40.5 | Z61: =IF(X60="y",1,Z60+1) -> 2 | AA61: =SUM(E59:E61) -> 52.5 | AB61: =SUM(E57:E61) -> 103.3 | AC61: =SUM(E55:E61) -> 145.6 | AD61: =SUM(E52:E61) -> 200.6 | AE61: =SUM(E48:E61) -> 289.9 | AF61: =SUM(E34:E61) -> 518.7
C62: 43698 | D62: 57 | E62: 30 | F62: 979.9 | H62: =F62/D62 -> 17.191228 | I62: Eyes In The Dark | J62: n | K62: n | L62: =IF(E62=0,"y","") | M62: =IF(L61="y",E62,M61+E62) -> 324.2 | N62: =IF(L61="y",1,N61+1) -> 16 | O62: =IF(L62<>"y", IF(E62<10,"y",""),"") | P62: =IF(O61="y",E62,P61+E62) -> 319.9 | Q62: =IF(O61="y",1,Q61+1) -> 15 | S62: =IF(R61="y",$E62,S61+$E62) -> 70.5 | T62: =IF(R61="y",1,T61+1) -> 3 | V62: =IF(U61="y",$E62,V61+$E62) -> 220.6 | W62: =IF(U61="y",1,W61+1) -> 10 | Y62: =IF(X61="y",$E62,Y61+$E62) -> 70.5 | Z62: =IF(X61="y",1,Z61+1) -> 3 | AA62: =SUM(E60:E62) -> 70.5 | AB62: =SUM(E58:E62) -> 107.8 | AC62: =SUM(E56:E62) -> 150.9 | AD62: =SUM(E53:E62) -> 220.6 | AE62: =SUM(E49:E62) -> 296.9 | AF62: =SUM(E35:E62) -> 523.7
C63: 43699 | D63: 58 | E63: 25.2 | F63: 1005.1 | H63: =F63/D63 -> 17.32931 | I63: 1000 Miles | J63: y | K63: n | L63: =IF(E63=0,"y","") | M63: =IF(L62="y",E63,M62+E63) -> 349.4 | N63: =IF(L62="y",1,N62+1) -> 17 | O63: =IF(L63<>"y", IF(E63<10,"y",""),"") | P63: =IF(O62="y",E63,P62+E63) -> 345.1 | Q63: =IF(O62="y",1,Q62+1) -> 16 | S63: =IF(R62="y",$E63,S62+$E63) -> 95.7 | T63: =IF(R62="y",1,T62+1) -> 4 | V63: =IF(U62="y",$E63,V62+$E63) -> 245.8 | W63: =IF(U62="y",1,W62+1) -> 11 | Y63: =IF(X62="y",$E63,Y62+$E63) -> 95.7 | Z63: =IF(X62="y",1,Z62+1) -> 4 | AA63: =SUM(E61:E63) -> 71.2 | AB63: =SUM(E59:E63) -> 107.7 | AC63: =SUM(E57:E63) -> 158.5 | AD63: =SUM(E54:E63) -> 225.8 | AE63: =SUM(E50:E63) -> 295.8 | AF63: =SUM(E36:E63) -> 524.9
B64: Dubois | C64: 43700 | D64: 59 | E64: 6 | F64: 1011.1 | H64: =F64/D64 -> 17.137288 | I64: Church Hostel | J64: n | K64: y | L64: =IF(E64=0,"y","") | M64: =IF(L63="y",E64,M63+E64) -> 355.4 | N64: =IF(L63="y",1,N63+1) -> 18 | O64: =IF(L64<>"y", IF(E64<10,"y",""),"") -> y | P64: =IF(O63="y",E64,P63+E64) -> 351.1 | Q64: =IF(O63="y",1,Q63+1) -> 17 | S64: =IF(R63="y",$E64,S63+$E64) -> 101.7 | T64: =IF(R63="y",1,T63+1) -> 5 | U64: y | V64: =IF(U63="y",$E64,V63+$E64) -> 251.8 | W64: =IF(U63="y",1,W63+1) -> 12 | Y64: =IF(X63="y",$E64,Y63+$E64) -> 101.7 | Z64: =IF(X63="y",1,Z63+1) -> 5 | AA64: =SUM(E62:E64) -> 61.2 | AB64: =SUM(E60:E64) -> 101.7 | AC64: =SUM(E58:E64) -> 139 | AD64: =SUM(E55:E64) -> 206.8 | AE64: =SUM(E51:E64) -> 281.8 | AF64: =SUM(E37:E64) -> 514.9
A65: Week 9 | C65: 43701 | D65: 60 | E65: 2.7 | F65: 1013.8 | H65: =F65/D65 -> 16.896667 | I65: YOLO Yurt | J65: n | K65: y | L65: =IF(E65=0,"y","") | M65: =IF(L64="y",E65,M64+E65) -> 358.1 | N65: =IF(L64="y",1,N64+1) -> 19 | O65: =IF(L65<>"y", IF(E65<10,"y",""),"") -> y | P65: =IF(O64="y",E65,P64+E65) -> 2.7 | Q65: =IF(O64="y",1,Q64+1) -> 1 | S65: =IF(R64="y",$E65,S64+$E65) -> 104.4 | T65: =IF(R64="y",1,T64+1) -> 6 | V65: =IF(U64="y",$E65,V64+$E65) -> 2.7 | W65: =IF(U64="y",1,W64+1) -> 1 | Y65: =IF(X64="y",$E65,Y64+$E65) -> 104.4 | Z65: =IF(X64="y",1,Z64+1) -> 6 | AA65: =SUM(E63:E65) -> 33.9 | AB65: =SUM(E61:E65) -> 79.9 | AC65: =SUM(E59:E65) -> 116.4 | AD65: =SUM(E56:E65) -> 184.8 | AE65: =SUM(E52:E65) -> 264.5 | AF65: =SUM(E38:E65) -> 487.6
C66: 43702 | D66: 61 | E66: 35 | F66: 1048.8 | H66: =F66/D66 -> 17.193443 | I66: Frozen Sage | J66: n | K66: n | L66: =IF(E66=0,"y","") | M66: =IF(L65="y",E66,M65+E66) -> 393.1 | N66: =IF(L65="y",1,N65+1) -> 20 | O66: =IF(L66<>"y", IF(E66<10,"y",""),"") | P66: =IF(O65="y",E66,P65+E66) -> 35 | Q66: =IF(O65="y",1,Q65+1) -> 1 | S66: =IF(R65="y",$E66,S65+$E66) -> 139.4 | T66: =IF(R65="y",1,T65+1) -> 7 | V66: =IF(U65="y",$E66,V65+$E66) -> 37.7 | W66: =IF(U65="y",1,W65+1) -> 2 | Y66: =IF(X65="y",$E66,Y65+$E66) -> 139.4 | Z66: =IF(X65="y",1,Z65+1) -> 7 | AA66: =SUM(E64:E66) -> 43.7 | AB66: =SUM(E62:E66) -> 98.9 | AC66: =SUM(E60:E66) -> 139.4 | AD66: =SUM(E57:E66) -> 202.2 | AE66: =SUM(E53:E66) -> 289.5 | AF66: =SUM(E39:E66) -> 520
B67: Pinedale | C67: 43703 | D67: 62 | E67: 15.2 | F67: 1064 | H67: =F67/D67 -> 17.16129 | I67: Gannett Peak Lodge | J67: n | K67: y | L67: =IF(E67=0,"y","") | M67: =IF(L66="y",E67,M66+E67) -> 408.3 | N67: =IF(L66="y",1,N66+1) -> 21 | O67: =IF(L67<>"y", IF(E67<10,"y",""),"") | P67: =IF(O66="y",E67,P66+E67) -> 50.2 | Q67: =IF(O66="y",1,Q66+1) -> 2 | S67: =IF(R66="y",$E67,S66+$E67) -> 154.6 | T67: =IF(R66="y",1,T66+1) -> 8 | U67: y | V67: =IF(U66="y",$E67,V66+$E67) -> 52.9 | W67: =IF(U66="y",1,W66+1) -> 3 | X67: y | Y67: =IF(X66="y",$E67,Y66+$E67) -> 154.6 | Z67: =IF(X66="y",1,Z66+1) -> 8 | AA67: =SUM(E65:E67) -> 52.9 | AB67: =SUM(E63:E67) -> 84.1 | AC67: =SUM(E61:E67) -> 130.1 | AD67: =SUM(E58:E67) -> 191.9 | AE67: =SUM(E54:E67) -> 284.7 | AF67: =SUM(E40:E67) -> 528.7
C68: 43704 | D68: 63 | E68: 9 | F68: 1073 | H68: =F68/D68 -> 17.031746 | I68: Cougar, Bear, or Moose | J68: n | K68: n | L68: =IF(E68=0,"y","") | M68: =IF(L67="y",E68,M67+E68) -> 417.3 | N68: =IF(L67="y",1,N67+1) -> 22 | O68: =IF(L68<>"y", IF(E68<10,"y",""),"") -> y | P68: =IF(O67="y",E68,P67+E68) -> 59.2 | Q68: =IF(O67="y",1,Q67+1) -> 3 | S68: =IF(R67="y",$E68,S67+$E68) -> 163.6 | T68: =IF(R67="y",1,T67+1) -> 9 | V68: =IF(U67="y",$E68,V67+$E68) -> 9 | W68: =IF(U67="y",1,W67+1) -> 1 | Y68: =IF(X67="y",$E68,Y67+$E68) -> 9 | Z68: =IF(X67="y",1,Z67+1) -> 1 | AA68: =SUM(E66:E68) -> 59.2 | AB68: =SUM(E64:E68) -> 67.9 | AC68: =SUM(E62:E68) -> 123.1 | AD68: =SUM(E59:E68) -> 175.6 | AE68: =SUM(E55:E68) -> 268.7 | AF68: =SUM(E41:E68) -> 516.1
C69: 43705 | D69: 64 | E69: 19.2 | F69: 1092.2 | H69: =F69/D69 -> 17.065625 | I69: Was It Worth It? | J69: n | K69: n | M69: =IF(L68="y",E69,M68+E69) -> 436.5 | N69: =IF(L68="y",1,N68+1) -> 23 | O69: =IF(L69<>"y", IF(E69<10,"y",""),"") | P69: =IF(O68="y",E69,P68+E69) -> 19.2 | Q69: =IF(O68="y",1,Q68+1) -> 1 | S69: =IF(R68="y",$E69,S68+$E69) -> 182.8 | T69: =IF(R68="y",1,T68+1) -> 10 | V69: =IF(U68="y",$E69,V68+$E69) -> 28.2 | W69: =IF(U68="y",1,W68+1) -> 2 | Y69: =IF(X68="y",$E69,Y68+$E69) -> 28.2 | Z69: =IF(X68="y",1,Z68+1) -> 2 | AA69: =SUM(E67:E69) -> 43.4 | AB69: =SUM(E65:E69) -> 81.1 | AC69: =SUM(E63:E69) -> 112.3 | AD69: =SUM(E60:E69) -> 182.8 | AE69: =SUM(E56:E69) -> 263.2 | AF69: =SUM(E42:E69) -> 511.3
C70: 43706 | D70: 65 | E70: 21.1 | F70: 1113.3 | H70: =F70/D70 -> 17.127692 | I70: Knapsack Hangover | J70: y | K70: n | L70: =IF(E70=0,"y","") | M70: =IF(L69="y",E70,M69+E70) -> 457.6 | N70: =IF(L69="y",1,N69+1) -> 24 | O70: =IF(L70<>"y", IF(E70<10,"y",""),"") | P70: =IF(O69="y",E70,P69+E70) -> 40.3 | Q70: =IF(O69="y",1,Q69+1) -> 2 | S70: =IF(R69="y",$E70,S69+$E70) -> 203.9 | T70: =IF(R69="y",1,T69+1) -> 11 | V70: =IF(U69="y",$E70,V69+$E70) -> 49.3 | W70: =IF(U69="y",1,W69+1) -> 3 | Y70: =IF(X69="y",$E70,Y69+$E70) -> 49.3 | Z70: =IF(X69="y",1,Z69+1) -> 3 | AA70: =SUM(E68:E70) -> 49.3 | AB70: =SUM(E66:E70) -> 99.5 | AC70: =SUM(E64:E70) -> 108.2 | AD70: =SUM(E61:E70) -> 179.4 | AE70: =SUM(E57:E70) -> 266.7 | AF70: =SUM(E43:E70) -> 505.4
C71: 43707 | D71: 66 | E71: 21.3 | F71: 1134.6 | H71: =F71/D71 -> 17.190909 | I71: Big Time Towers | J71: n | K71: n | L71: =IF(E71=0,"y","") | M71: =IF(L70="y",E71,M70+E71) -> 478.9 | N71: =IF(L70="y",1,N70+1) -> 25 | O71: =IF(L71<>"y", IF(E71<10,"y",""),"") | P71: =IF(O70="y",E71,P70+E71) -> 61.6 | Q71: =IF(O70="y",1,Q70+1) -> 3 | S71: =IF(R70="y",$E71,S70+$E71) -> 225.2 | T71: =IF(R70="y",1,T70+1) -> 12 | V71: =IF(U70="y",$E71,V70+$E71) -> 70.6 | W71: =IF(U70="y",1,W70+1) -> 4 | Y71: =IF(X70="y",$E71,Y70+$E71) -> 70.6 | Z71: =IF(X70="y",1,Z70+1) -> 4 | AA71: =SUM(E69:E71) -> 61.6 | AB71: =SUM(E67:E71) -> 85.8 | AC71: =SUM(E65:E71) -> 123.5 | AD71: =SUM(E62:E71) -> 184.7 | AE71: =SUM(E58:E71) -> 262.5 | AF71: =SUM(E44:E71) -> 498.9
A72: Week 10 | C72: 43708 | D72: 67 | E72: 26.4 | F72: 1161 | H72: =F72/D72 -> 17.328358 | I72: Hello Desert | J72: n | K72: n | L72: =IF(E72=0,"y","") | M72: =IF(L71="y",E72,M71+E72) -> 505.3 | N72: =IF(L71="y",1,N71+1) -> 26 | O72: =IF(L72<>"y", IF(E72<10,"y",""),"") | P72: =IF(O71="y",E72,P71+E72) -> 88 | Q72: =IF(O71="y",1,Q71+1) -> 4 | S72: =IF(R71="y",$E72,S71+$E72) -> 251.6 | T72: =IF(R71="y",1,T71+1) -> 13 | V72: =IF(U71="y",$E72,V71+$E72) -> 97 | W72: =IF(U71="y",1,W71+1) -> 5 | Y72: =IF(X71="y",$E72,Y71+$E72) -> 97 | Z72: =IF(X71="y",1,Z71+1) -> 5 | AA72: =SUM(E70:E72) -> 68.8 | AB72: =SUM(E68:E72) -> 97 | AC72: =SUM(E66:E72) -> 147.2 | AD72: =SUM(E63:E72) -> 181.1 | AE72: =SUM(E59:E72) -> 263.6 | AF72: =SUM(E45:E72) -> 506.3
B73: Atlantic City | C73: 43709 | D73: 68 | E73: 22.3 | F73: 1183.3 | H73: =F73/D73 -> 17.401471 | I73: Spice is Alive | J73: n | K73: y | L73: =IF(E73=0,"y","") | M73: =IF(L72="y",E73,M72+E73) -> 527.6 | N73: =IF(L72="y",1,N72+1) -> 27 | O73: =IF(L73<>"y", IF(E73<10,"y",""),"") | P73: =IF(O72="y",E73,P72+E73) -> 110.3 | Q73: =IF(O72="y",1,Q72+1) -> 5 | S73: =IF(R72="y",$E73,S72+$E73) -> 273.9 | T73: =IF(R72="y",1,T72+1) -> 14 | U73: y | V73: =IF(U72="y",$E73,V72+$E73) -> 119.3 | W73: =IF(U72="y",1,W72+1) -> 6 | X73: y | Y73: =IF(X72="y",$E73,Y72+$E73) -> 119.3 | Z73: =IF(X72="y",1,Z72+1) -> 6 | AA73: =SUM(E71:E73) -> 70 | AB73: =SUM(E69:E73) -> 110.3 | AC73: =SUM(E67:E73) -> 134.5 | AD73: =SUM(E64:E73) -> 178.2 | AE73: =SUM(E60:E73) -> 273.9 | AF73: =SUM(E46:E73) -> 528.6
C74: 43710 | D74: 69 | E74: 22.3 | F74: 1205.6 | H74: =F74/D74 -> 17.472464 | I74: Cheryl Strayed | J74: n | K74: n | L74: =IF(E74=0,"y","") | M74: =IF(L73="y",E74,M73+E74) -> 549.9 | N74: =IF(L73="y",1,N73+1) -> 28 | O74: =IF(L74<>"y", IF(E74<10,"y",""),"") | P74: =IF(O73="y",E74,P73+E74) -> 132.6 | Q74: =IF(O73="y",1,Q73+1) -> 6 | S74: =IF(R73="y",$E74,S73+$E74) -> 296.2 | T74: =IF(R73="y",1,T73+1) -> 15 | V74: =IF(U73="y",$E74,V73+$E74) -> 22.3 | W74: =IF(U73="y",1,W73+1) -> 1 | Y74: =IF(X73="y",$E74,Y73+$E74) -> 22.3 | Z74: =IF(X73="y",1,Z73+1) -> 1 | AA74: =SUM(E72:E74) -> 71 | AB74: =SUM(E70:E74) -> 113.4 | AC74: =SUM(E68:E74) -> 141.6 | AD74: =SUM(E65:E74) -> 194.5 | AE74: =SUM(E61:E74) -> 271.7 | AF74: =SUM(E47:E74) -> 549.9
C75: 43711 | D75: 70 | E75: 27.2 | F75: 1232.8 | G75: 2.6 | H75: =F75/D75 -> 17.611429 | I75: Cloudy Scoot and Toot | J75: n | K75: n | L75: =IF(E75=0,"y","") | M75: =IF(L74="y",E75,M74+E75) -> 577.1 | N75: =IF(L74="y",1,N74+1) -> 29 | O75: =IF(L75<>"y", IF(E75<10,"y",""),"") | P75: =IF(O74="y",E75,P74+E75) -> 159.8 | Q75: =IF(O74="y",1,Q74+1) -> 7 | S75: =IF(R74="y",$E75,S74+$E75) -> 323.4 | T75: =IF(R74="y",1,T74+1) -> 16 | V75: =IF(U74="y",$E75,V74+$E75) -> 49.5 | W75: =IF(U74="y",1,W74+1) -> 2 | Y75: =IF(X74="y",$E75,Y74+$E75) -> 49.5 | Z75: =IF(X74="y",1,Z74+1) -> 2 | AA75: =SUM(E73:E75) -> 71.8 | AB75: =SUM(E71:E75) -> 119.5 | AC75: =SUM(E69:E75) -> 159.8 | AD75: =SUM(E66:E75) -> 219 | AE75: =SUM(E62:E75) -> 282.9 | AF75: =SUM(E48:E75) -> 572.8
C76: 43712 | D76: 71 | E76: 22.7 | F76: 1255.5 | H76: =F76/D76 -> 17.683099 | I76: Flat As It Needs To Be | J76: n | K76: n | L76: =IF(E76=0,"y","") | M76: =IF(L75="y",E76,M75+E76) -> 599.8 | N76: =IF(L75="y",1,N75+1) -> 30 | O76: =IF(L76<>"y", IF(E76<10,"y",""),"") | P76: =IF(O75="y",E76,P75+E76) -> 182.5 | Q76: =IF(O75="y",1,Q75+1) -> 8 | S76: =IF(R75="y",$E76,S75+$E76) -> 346.1 | T76: =IF(R75="y",1,T75+1) -> 17 | V76: =IF(U75="y",$E76,V75+$E76) -> 72.2 | W76: =IF(U75="y",1,W75+1) -> 3 | Y76: =IF(X75="y",$E76,Y75+$E76) -> 72.2 | Z76: =IF(X75="y",1,Z75+1) -> 3 | AA76: =SUM(E74:E76) -> 72.2 | AB76: =SUM(E72:E76) -> 120.9 | AC76: =SUM(E70:E76) -> 163.3 | AD76: =SUM(E67:E76) -> 206.7 | AE76: =SUM(E63:E76) -> 275.6 | AF76: =SUM(E49:E76) -> 572.5
A77: Week 11 | C77: 43713 | D77: 72 | E77: 30.5 | F77: 1286 | H77: =F77/D77 -> 17.861111 | I77: Basin Survival | J77: y | K77: n | L77: =IF(E77=0,"y","") | M77: =IF(L76="y",E77,M76+E77) -> 630.3 | N77: =IF(L76="y",1,N76+1) -> 31 | O77: =IF(L77<>"y", IF(E77<10,"y",""),"") | P77: =IF(O76="y",E77,P76+E77) -> 213 | Q77: =IF(O76="y",1,Q76+1) -> 9 | S77: =IF(R76="y",$E77,S76+$E77) -> 376.6 | T77: =IF(R76="y",1,T76+1) -> 18 | V77: =IF(U76="y",$E77,V76+$E77) -> 102.7 | W77: =IF(U76="y",1,W76+1) -> 4 | Y77: =IF(X76="y",$E77,Y76+$E77) -> 102.7 | Z77: =IF(X76="y",1,Z76+1) -> 4 | AA77: =SUM(E75:E77) -> 80.4 | AB77: =SUM(E73:E77) -> 125 | AC77: =SUM(E71:E77) -> 172.7 | AD77: =SUM(E68:E77) -> 222 | AE77: =SUM(E64:E77) -> 280.9 | AF77: =SUM(E50:E77) -> 576.7
A78: Wyoming Miles | B78: Rawlins | C78: 43714 | D78: 73 | E78: 11 | F78: 1297 | H78: =F78/D78 -> 17.767123 | I78: Econolodge | J78: n | K78: y | L78: =IF(E78=0,"y","") | M78: =IF(L77="y",E78,M77+E78) -> 641.3 | N78: =IF(L77="y",1,N77+1) -> 32 | O78: =IF(L78<>"y", IF(E78<10,"y",""),"") | P78: =IF(O77="y",E78,P77+E78) -> 224 | Q78: =IF(O77="y",1,Q77+1) -> 10 | S78: =IF(R77="y",$E78,S77+$E78) -> 387.6 | T78: =IF(R77="y",1,T77+1) -> 19 | U78: y | V78: =IF(U77="y",$E78,V77+$E78) -> 113.7 | W78: =IF(U77="y",1,W77+1) -> 5 | X78: y | Y78: =IF(X77="y",$E78,Y77+$E78) -> 113.7 | Z78: =IF(X77="y",1,Z77+1) -> 5 | AA78: =SUM(E76:E78) -> 64.2 | AB78: =SUM(E74:E78) -> 113.7 | AC78: =SUM(E72:E78) -> 162.4 | AD78: =SUM(E69:E78) -> 224 | AE78: =SUM(E65:E78) -> 285.9 | AF78: =SUM(E51:E78) -> 567.7
A79: =SUM(E59:E83) -> 493.6 | C79: 43715 | D79: 74 | E79: 0 | F79: 1297 | H79: =F79/D79 -> 17.527027 | I79: Econolodge | J79: n | K79: y | L79: =IF(E79=0,"y","") -> y | M79: =IF(L78="y",E79,M78+E79) -> 641.3 | N79: =IF(L78="y",1,N78+1) -> 33 | O79: y | P79: =IF(O78="y",E79,P78+E79) -> 224 | Q79: =IF(O78="y",1,Q78+1) -> 11 | S79: =IF(R78="y",$E79,S78+$E79) -> 387.6 | T79: =IF(R78="y",1,T78+1) -> 20 | V79: =IF(U78="y",$E79,V78+$E79) -> 0 | W79: =IF(U78="y",1,W78+1) -> 1 | X79: y | Y79: =IF(X78="y",$E79,Y78+$E79) -> 0 | Z79: =IF(X78="y",1,Z78+1) -> 1 | AA79: =SUM(E77:E79) -> 41.5 | AB79: =SUM(E75:E79) -> 91.4 | AC79: =SUM(E73:E79) -> 136 | AD79: =SUM(E70:E79) -> 204.8 | AE79: =SUM(E66:E79) -> 283.2 | AF79: =SUM(E52:E79) -> 547.7
A80: Wyoming Days | C80: 43716 | D80: 75 | E80: 25.5 | F80: 1322.5 | H80: =F80/D80 -> 17.633333 | I80: Thunderstorm Tunnel | J80: n | K80: n | L80: =IF(E80=0,"y","") | M80: =IF(L79="y",E80,M79+E80) -> 25.5 | N80: =IF(L79="y",1,N79+1) -> 1 | O80: =IF(L80<>"y", IF(E80<10,"y",""),"") | P80: =IF(O79="y",E80,P79+E80) -> 25.5 | Q80: =IF(O79="y",1,Q79+1) -> 1 | S80: =IF(R79="y",$E80,S79+$E80) -> 413.1 | T80: =IF(R79="y",1,T79+1) -> 21 | V80: =IF(U79="y",$E80,V79+$E80) -> 25.5 | W80: =IF(U79="y",1,W79+1) -> 2 | Y80: =IF(X79="y",$E80,Y79+$E80) -> 25.5 | Z80: =IF(X79="y",1,Z79+1) -> 1 | AA80: =SUM(E78:E80) -> 36.5 | AB80: =SUM(E76:E80) -> 89.7 | AC80: =SUM(E74:E80) -> 139.2 | AD80: =SUM(E71:E80) -> 209.2 | AE80: =SUM(E67:E80) -> 273.7 | AF80: =SUM(E53:E80) -> 563.2
A81: =D84-D59 -> 25 | C81: 43717 | D81: 76 | E81: 28.5 | F81: 1351 | H81: =F81/D81 -> 17.776316 | I81: Bugle | J81: n | K81: n | L81: =IF(E81=0,"y","") | M81: =IF(L80="y",E81,M80+E81) -> 54 | N81: =IF(L80="y",1,N80+1) -> 2 | O81: =IF(L81<>"y", IF(E81<10,"y",""),"") | P81: =IF(O80="y",E81,P80+E81) -> 54 | Q81: =IF(O80="y",1,Q80+1) -> 2 | S81: =IF(R80="y",$E81,S80+$E81) -> 441.6 | T81: =IF(R80="y",1,T80+1) -> 22 | V81: =IF(U80="y",$E81,V80+$E81) -> 54 | W81: =IF(U80="y",1,W80+1) -> 3 | Y81: =IF(X80="y",$E81,Y80+$E81) -> 54 | Z81: =IF(X80="y",1,Z80+1) -> 2 | AA81: =SUM(E79:E81) -> 54 | AB81: =SUM(E77:E81) -> 95.5 | AC81: =SUM(E75:E81) -> 145.4 | AD81: =SUM(E72:E81) -> 216.4 | AE81: =SUM(E68:E81) -> 287 | AF81: =SUM(E54:E81) -> 571.7
A82: Wyoming Avg. | B82: Encampment | C82: 43718 | D82: 77 | E82: 18 | F82: 1369 | G82: 8 | H82: =F82/D82 -> 17.779221 | I82: Lost Sock | J82: y | K82: n | L82: =IF(E82=0,"y","") | M82: =IF(L81="y",E82,M81+E82) -> 72 | N82: =IF(L81="y",1,N81+1) -> 3 | O82: =IF(L82<>"y", IF(E82<10,"y",""),"") | P82: =IF(O81="y",E82,P81+E82) -> 72 | Q82: =IF(O81="y",1,Q81+1) -> 3 | S82: =IF(R81="y",$E82,S81+$E82) -> 459.6 | T82: =IF(R81="y",1,T81+1) -> 23 | V82: =IF(U81="y",$E82,V81+$E82) -> 72 | W82: =IF(U81="y",1,W81+1) -> 4 | Y82: =IF(X81="y",$E82,Y81+$E82) -> 72 | Z82: =IF(X81="y",1,Z81+1) -> 3 | AA82: =SUM(E80:E82) -> 72 | AB82: =SUM(E78:E82) -> 83 | AC82: =SUM(E76:E82) -> 136.2 | AD82: =SUM(E73:E82) -> 208 | AE82: =SUM(E69:E82) -> 296 | AF82: =SUM(E55:E82) -> 564.7
A83: =A79/A81 -> 19.744 | C83: 43719 | D83: 78 | E83: 22 | F83: 1391 | H83: =F83/D83 -> 17.833333 | I83: Hello Colorado | J83: y | K83: n | L83: =IF(E83=0,"y","") | M83: =IF(L82="y",E83,M82+E83) -> 94 | N83: =IF(L82="y",1,N82+1) -> 4 | O83: =IF(L83<>"y", IF(E83<10,"y",""),"") | P83: =IF(O82="y",E83,P82+E83) -> 94 | Q83: =IF(O82="y",1,Q82+1) -> 4 | S83: =IF(R82="y",$E83,S82+$E83) -> 481.6 | T83: =IF(R82="y",1,T82+1) -> 24 | V83: =IF(U82="y",$E83,V82+$E83) -> 94 | W83: =IF(U82="y",1,W82+1) -> 5 | Y83: =IF(X82="y",$E83,Y82+$E83) -> 94 | Z83: =IF(X82="y",1,Z82+1) -> 4 | AA83: =SUM(E81:E83) -> 68.5 | AB83: =SUM(E79:E83) -> 94 | AC83: =SUM(E77:E83) -> 135.5 | AD83: =SUM(E74:E83) -> 207.7 | AE83: =SUM(E70:E83) -> 298.8 | AF83: =SUM(E56:E83) -> 562
A84: Colorado | C84: 43720 | D84: 79 | E84: 23.1 | F84: 1414.1 | H84: =F84/D84 -> 17.9 | I84: Really, Really Ridicuously Cold | J84: y | K84: n | L84: =IF(E84=0,"y","") | M84: =IF(L83="y",E84,M83+E84) -> 117.1 | N84: =IF(L83="y",1,N83+1) -> 5 | O84: =IF(L84<>"y", IF(E84<10,"y",""),"") | P84: =IF(O83="y",E84,P83+E84) -> 117.1 | Q84: =IF(O83="y",1,Q83+1) -> 5 | S84: =IF(R83="y",$E84,S83+$E84) -> 504.7 | T84: =IF(R83="y",1,T83+1) -> 25 | V84: =IF(U83="y",$E84,V83+$E84) -> 117.1 | W84: =IF(U83="y",1,W83+1) -> 6 | Y84: =IF(X83="y",$E84,Y83+$E84) -> 117.1 | Z84: =IF(X83="y",1,Z83+1) -> 5 | AA84: =SUM(E82:E84) -> 63.1 | AB84: =SUM(E80:E84) -> 117.1 | AC84: =SUM(E78:E84) -> 128.1 | AD84: =SUM(E75:E84) -> 208.5 | AE84: =SUM(E71:E84) -> 300.8 | AF84: =SUM(E57:E84) -> 567.5
C85: 43721 | D85: 80 | E85: 24.1 | F85: 1438.2 | H85: =F85/D85 -> 17.9775 | I85: Ultramarathon | J85: y | K85: n | L85: =IF(E85=0,"y","") | M85: =IF(L84="y",E85,M84+E85) -> 141.2 | N85: =IF(L84="y",1,N84+1) -> 6 | O85: =IF(L85<>"y", IF(E85<10,"y",""),"") | P85: =IF(O84="y",E85,P84+E85) -> 141.2 | Q85: =IF(O84="y",1,Q84+1) -> 6 | S85: =IF(R84="y",$E85,S84+$E85) -> 528.8 | T85: =IF(R84="y",1,T84+1) -> 26 | V85: =IF(U84="y",$E85,V84+$E85) -> 141.2 | W85: =IF(U84="y",1,W84+1) -> 7 | Y85: =IF(X84="y",$E85,Y84+$E85) -> 141.2 | Z85: =IF(X84="y",1,Z84+1) -> 6 | AA85: =SUM(E83:E85) -> 69.2 | AB85: =SUM(E81:E85) -> 115.7 | AC85: =SUM(E79:E85) -> 141.2 | AD85: =SUM(E76:E85) -> 205.4 | AE85: =SUM(E72:E85) -> 303.6 | AF85: =SUM(E58:E85) -> 566.1
A86: Week 12 | B86: Steamboat Springs | C86: 43722 | D86: 81 | E86: 5.5 | F86: 1443.7 | H86: =F86/D86 -> 17.823457 | I86: Big Agnes | J86: n | K86: n | L86: =IF(E86=0,"y","") | M86: =IF(L85="y",E86,M85+E86) -> 146.7 | N86: =IF(L85="y",1,N85+1) -> 7 | O86: =IF(L86<>"y", IF(E86<10,"y",""),"") -> y | P86: =IF(O85="y",E86,P85+E86) -> 146.7 | Q86: =IF(O85="y",1,Q85+1) -> 7 | S86: =IF(R85="y",$E86,S85+$E86) -> 534.3 | T86: =IF(R85="y",1,T85+1) -> 27 | V86: =IF(U85="y",$E86,V85+$E86) -> 146.7 | W86: =IF(U85="y",1,W85+1) -> 8 | Y86: =IF(X85="y",$E86,Y85+$E86) -> 146.7 | Z86: =IF(X85="y",1,Z85+1) -> 7 | AA86: =SUM(E84:E86) -> 52.7 | AB86: =SUM(E82:E86) -> 92.7 | AC86: =SUM(E80:E86) -> 146.7 | AD86: =SUM(E77:E86) -> 188.2 | AE86: =SUM(E73:E86) -> 282.7 | AF86: =SUM(E59:E86) -> 546.3
C87: 43723 | D87: 82 | E87: 27.8 | F87: 1471.5 | H87: =F87/D87 -> 17.945122 | I87: Favorite Spot | J87: n | K87: n | L87: =IF(E87=0,"y","") | M87: =IF(L86="y",E87,M86+E87) -> 174.5 | N87: =IF(L86="y",1,N86+1) -> 8 | O87: =IF(L87<>"y", IF(E87<10,"y",""),"") | P87: =IF(O86="y",E87,P86+E87) -> 27.8 | Q87: =IF(O86="y",1,Q86+1) -> 1 | S87: =IF(R86="y",$E87,S86+$E87) -> 562.1 | T87: =IF(R86="y",1,T86+1) -> 28 | V87: =IF(U86="y",$E87,V86+$E87) -> 174.5 | W87: =IF(U86="y",1,W86+1) -> 9 | Y87: =IF(X86="y",$E87,Y86+$E87) -> 174.5 | Z87: =IF(X86="y",1,Z86+1) -> 8 | AA87: =SUM(E85:E87) -> 57.4 | AB87: =SUM(E83:E87) -> 102.5 | AC87: =SUM(E81:E87) -> 149 | AD87: =SUM(E78:E87) -> 185.5 | AE87: =SUM(E74:E87) -> 288.2 | AF87: =SUM(E60:E87) -> 562.1
C88: 43724 | D88: 83 | E88: 26.5 | F88: 1498 | H88: =F88/D88 -> 18.048193 | I88: Up and Over Again | J88: n | K88: n | L88: =IF(E88=0,"y","") | M88: =IF(L87="y",E88,M87+E88) -> 201 | N88: =IF(L87="y",1,N87+1) -> 9 | O88: =IF(L88<>"y", IF(E88<10,"y",""),"") | P88: =IF(O87="y",E88,P87+E88) -> 54.3 | Q88: =IF(O87="y",1,Q87+1) -> 2 | S88: =IF(R87="y",$E88,S87+$E88) -> 588.6 | T88: =IF(R87="y",1,T87+1) -> 29 | V88: =IF(U87="y",$E88,V87+$E88) -> 201 | W88: =IF(U87="y",1,W87+1) -> 10 | Y88: =IF(X87="y",$E88,Y87+$E88) -> 201 | Z88: =IF(X87="y",1,Z87+1) -> 9 | AA88: =SUM(E86:E88) -> 59.8 | AB88: =SUM(E84:E88) -> 107 | AC88: =SUM(E82:E88) -> 147 | AD88: =SUM(E79:E88) -> 201 | AE88: =SUM(E75:E88) -> 292.4 | AF88: =SUM(E61:E88) -> 564.1
B89: Grand Lake | C89: 43725 | D89: 84 | E89: 20.4 | F89: 1518.4 | H89: =F89/D89 -> 18.07619 | I89: Kiosk | J89: n | K89: y | L89: =IF(E89=0,"y","") | M89: =IF(L88="y",E89,M88+E89) -> 221.4 | N89: =IF(L88="y",1,N88+1) -> 10 | O89: =IF(L89<>"y", IF(E89<10,"y",""),"") | P89: =IF(O88="y",E89,P88+E89) -> 74.7 | Q89: =IF(O88="y",1,Q88+1) -> 3 | R89: y | S89: =IF(R88="y",$E89,S88+$E89) -> 609 | T89: =IF(R88="y",1,T88+1) -> 30 | V89: =IF(U88="y",$E89,V88+$E89) -> 221.4 | W89: =IF(U88="y",1,W88+1) -> 11 | Y89: =IF(X88="y",$E89,Y88+$E89) -> 221.4 | Z89: =IF(X88="y",1,Z88+1) -> 10 | AA89: =SUM(E87:E89) -> 74.7 | AB89: =SUM(E85:E89) -> 104.3 | AC89: =SUM(E83:E89) -> 149.4 | AD89: =SUM(E80:E89) -> 221.4 | AE89: =SUM(E76:E89) -> 285.6 | AF89: =SUM(E62:E89) -> 568.5
C90: 43726 | D90: 85 | E90: 6.3 | F90: 1524.7 | H90: =F90/D90 -> 17.937647 | I90: Shadowcliff Lodge | J90: n | K90: y | L90: =IF(E90=0,"y","") | M90: =IF(L89="y",E90,M89+E90) -> 227.7 | N90: =IF(L89="y",1,N89+1) -> 11 | O90: =IF(L90<>"y", IF(E90<10,"y",""),"") -> y | P90: =IF(O89="y",E90,P89+E90) -> 81 | Q90: =IF(O89="y",1,Q89+1) -> 4 | S90: =IF(R89="y",$E90,S89+$E90) -> 6.3 | T90: =IF(R89="y",1,T89+1) -> 1 | V90: =IF(U89="y",$E90,V89+$E90) -> 227.7 | W90: =IF(U89="y",1,W89+1) -> 12 | X90: y | Y90: =IF(X89="y",$E90,Y89+$E90) -> 227.7 | Z90: =IF(X89="y",1,Z89+1) -> 11 | AA90: =SUM(E88:E90) -> 53.2 | AB90: =SUM(E86:E90) -> 86.5 | AC90: =SUM(E84:E90) -> 133.7 | AD90: =SUM(E81:E90) -> 202.2 | AE90: =SUM(E77:E90) -> 269.2 | AF90: =SUM(E63:E90) -> 544.8
C91: 43727 | D91: 86 | E91: 8.8 | F91: 1533.5 | H91: =F91/D91 -> 17.831395 | I91: Too Tired For A Fire | J91: y | K91: n | L91: =IF(E91=0,"y","") | M91: =IF(L90="y",E91,M90+E91) -> 236.5 | N91: =IF(L90="y",1,N90+1) -> 12 | O91: =IF(L91<>"y", IF(E91<10,"y",""),"") -> y | P91: =IF(O90="y",E91,P90+E91) -> 8.8 | Q91: =IF(O90="y",1,Q90+1) -> 1 | S91: =IF(R90="y",$E91,S90+$E91) -> 15.1 | T91: =IF(R90="y",1,T90+1) -> 2 | V91: =IF(U90="y",$E91,V90+$E91) -> 236.5 | W91: =IF(U90="y",1,W90+1) -> 13 | Y91: =IF(X90="y",$E91,Y90+$E91) -> 8.8 | Z91: =IF(X90="y",1,Z90+1) -> 1 | AA91: =SUM(E89:E91) -> 35.5 | AB91: =SUM(E87:E91) -> 89.8 | AC91: =SUM(E85:E91) -> 119.4 | AD91: =SUM(E82:E91) -> 182.5 | AE91: =SUM(E78:E91) -> 247.5 | AF91: =SUM(E64:E91) -> 528.4
B92: Eldora | C92: 43728 | D92: 87 | E92: 21 | F92: 1554.5 | H92: =F92/D92 -> 17.867816 | I92: Friends Place | J92: n | K92: y | L92: =IF(E92=0,"y","") | M92: =IF(L91="y",E92,M91+E92) -> 257.5 | N92: =IF(L91="y",1,N91+1) -> 13 | O92: =IF(L92<>"y", IF(E92<10,"y",""),"") | P92: =IF(O91="y",E92,P91+E92) -> 21 | Q92: =IF(O91="y",1,Q91+1) -> 1 | S92: =IF(R91="y",$E92,S91+$E92) -> 36.1 | T92: =IF(R91="y",1,T91+1) -> 3 | V92: =IF(U91="y",$E92,V91+$E92) -> 257.5 | W92: =IF(U91="y",1,W91+1) -> 14 | X92: y | Y92: =IF(X91="y",$E92,Y91+$E92) -> 29.8 | Z92: =IF(X91="y",1,Z91+1) -> 2 | AA92: =SUM(E90:E92) -> 36.1 | AB92: =SUM(E88:E92) -> 83 | AC92: =SUM(E86:E92) -> 116.3 | AD92: =SUM(E83:E92) -> 185.5 | AE92: =SUM(E79:E92) -> 257.5 | AF92: =SUM(E65:E92) -> 543.4
A93: Week 13 | C93: 43729 | D93: 88 | E93: 0 | F93: 1554.5 | H93: =F93/D93 -> 17.664773 | I93: Friends Place | J93: n | K93: y | L93: =IF(E93=0,"y","") -> y | M93: =IF(L92="y",E93,M92+E93) -> 257.5 | N93: =IF(L92="y",1,N92+1) -> 14 | O93: y | P93: =IF(O92="y",E93,P92+E93) -> 21 | Q93: =IF(O92="y",1,Q92+1) -> 2 | S93: =IF(R92="y",$E93,S92+$E93) -> 36.1 | T93: =IF(R92="y",1,T92+1) -> 4 | U93: y | V93: =IF(U92="y",$E93,V92+$E93) -> 257.5 | W93: =IF(U92="y",1,W92+1) -> 15 | X93: y | Y93: =IF(X92="y",$E93,Y92+$E93) -> 0 | Z93: =IF(X92="y",1,Z92+1) -> 1 | AA93: =SUM(E91:E93) -> 29.8 | AB93: =SUM(E89:E93) -> 56.5 | AC93: =SUM(E87:E93) -> 110.8 | AD93: =SUM(E84:E93) -> 163.5 | AE93: =SUM(E80:E93) -> 257.5 | AF93: =SUM(E66:E93) -> 540.7
C94: 43730 | D94: 89 | E94: 11.5 | F94: 1566 | H94: =F94/D94 -> 17.595506 | I94: Windbreak | J94: y | K94: n | L94: =IF(E94=0,"y","") | M94: =IF(L93="y",E94,M93+E94) -> 11.5 | N94: =IF(L93="y",1,N93+1) -> 1 | O94: =IF(L94<>"y", IF(E94<10,"y",""),"") | P94: =IF(O93="y",E94,P93+E94) -> 11.5 | Q94: =IF(O93="y",1,Q93+1) -> 1 | S94: =IF(R93="y",$E94,S93+$E94) -> 47.6 | T94: =IF(R93="y",1,T93+1) -> 5 | V94: =IF(U93="y",$E94,V93+$E94) -> 11.5 | W94: =IF(U93="y",1,W93+1) -> 1 | Y94: =IF(X93="y",$E94,Y93+$E94) -> 11.5 | Z94: =IF(X93="y",1,Z93+1) -> 1 | AA94: =SUM(E92:E94) -> 32.5 | AB94: =SUM(E90:E94) -> 47.6 | AC94: =SUM(E88:E94) -> 94.5 | AD94: =SUM(E85:E94) -> 151.9 | AE94: =SUM(E81:E94) -> 243.5 | AF94: =SUM(E67:E94) -> 517.2
C95: 43731 | D95: 90 | E95: 16 | F95: 1582 | H95: =F95/D95 -> 17.577778 | I95: Tired Ridgewalk | J95: n | K95: n | L95: =IF(E95=0,"y","") | M95: =IF(L94="y",E95,M94+E95) -> 27.5 | N95: =IF(L94="y",1,N94+1) -> 2 | O95: =IF(L95<>"y", IF(E95<10,"y",""),"") | P95: =IF(O94="y",E95,P94+E95) -> 27.5 | Q95: =IF(O94="y",1,Q94+1) -> 2 | S95: =IF(R94="y",$E95,S94+$E95) -> 63.6 | T95: =IF(R94="y",1,T94+1) -> 6 | V95: =IF(U94="y",$E95,V94+$E95) -> 27.5 | W95: =IF(U94="y",1,W94+1) -> 2 | Y95: =IF(X94="y",$E95,Y94+$E95) -> 27.5 | Z95: =IF(X94="y",1,Z94+1) -> 2 | AA95: =SUM(E93:E95) -> 27.5 | AB95: =SUM(E91:E95) -> 57.3 | AC95: =SUM(E89:E95) -> 84 | AD95: =SUM(E86:E95) -> 143.8 | AE95: =SUM(E82:E95) -> 231 | AF95: =SUM(E68:E95) -> 518
C96: 43732 | D96: 91 | E96: 20.4 | F96: 1602.4 | H96: =F96/D96 -> 17.608791 | I96: Weight Is Lifted | J96: n | K96: n | L96: =IF(E96=0,"y","") | M96: =IF(L95="y",E96,M95+E96) -> 47.9 | N96: =IF(L95="y",1,N95+1) -> 3 | O96: =IF(L96<>"y", IF(E96<10,"y",""),"") | P96: =IF(O95="y",E96,P95+E96) -> 47.9 | Q96: =IF(O95="y",1,Q95+1) -> 3 | S96: =IF(R95="y",$E96,S95+$E96) -> 84 | T96: =IF(R95="y",1,T95+1) -> 7 | V96: =IF(U95="y",$E96,V95+$E96) -> 47.9 | W96: =IF(U95="y",1,W95+1) -> 3 | Y96: =IF(X95="y",$E96,Y95+$E96) -> 47.9 | Z96: =IF(X95="y",1,Z95+1) -> 3 | AA96: =SUM(E94:E96) -> 47.9 | AB96: =SUM(E92:E96) -> 68.9 | AC96: =SUM(E90:E96) -> 84 | AD96: =SUM(E87:E96) -> 158.7 | AE96: =SUM(E83:E96) -> 233.4 | AF96: =SUM(E69:E96) -> 529.4
B97: Silverthorne | C97: 43733 | D97: 92 | E97: 19 | F97: 1621.4 | H97: =F97/D97 -> 17.623913 | I97: Chipotle Belly | J97: n | K97: n | L97: =IF(E97=0,"y","") | M97: =IF(L96="y",E97,M96+E97) -> 66.9 | N97: =IF(L96="y",1,N96+1) -> 4 | O97: =IF(L97<>"y", IF(E97<10,"y",""),"") | P97: =IF(O96="y",E97,P96+E97) -> 66.9 | Q97: =IF(O96="y",1,Q96+1) -> 4 | S97: =IF(R96="y",$E97,S96+$E97) -> 103 | T97: =IF(R96="y",1,T96+1) -> 8 | V97: =IF(U96="y",$E97,V96+$E97) -> 66.9 | W97: =IF(U96="y",1,W96+1) -> 4 | Y97: =IF(X96="y",$E97,Y96+$E97) -> 66.9 | Z97: =IF(X96="y",1,Z96+1) -> 4 | AA97: =SUM(E95:E97) -> 55.4 | AB97: =SUM(E93:E97) -> 66.9 | AC97: =SUM(E91:E97) -> 96.7 | AD97: =SUM(E88:E97) -> 149.9 | AE97: =SUM(E84:E97) -> 230.4 | AF97: =SUM(E70:E97) -> 529.2
B98: Copper Mountain | C98: 43734 | D98: 93 | E98: 13.4 | F98: 1634.8 | H98: =F98/D98 -> 17.578495 | I98: Guest Bed | J98: n | K98: y | L98: =IF(E98=0,"y","") | M98: =IF(L97="y",E98,M97+E98) -> 80.3 | N98: =IF(L97="y",1,N97+1) -> 5 | O98: =IF(L98<>"y", IF(E98<10,"y",""),"") | P98: =IF(O97="y",E98,P97+E98) -> 80.3 | Q98: =IF(O97="y",1,Q97+1) -> 5 | S98: =IF(R97="y",$E98,S97+$E98) -> 116.4 | T98: =IF(R97="y",1,T97+1) -> 9 | V98: =IF(U97="y",$E98,V97+$E98) -> 80.3 | W98: =IF(U97="y",1,W97+1) -> 5 | X98: y | Y98: =IF(X97="y",$E98,Y97+$E98) -> 80.3 | Z98: =IF(X97="y",1,Z97+1) -> 5 | AA98: =SUM(E96:E98) -> 52.8 | AB98: =SUM(E94:E98) -> 80.3 | AC98: =SUM(E92:E98) -> 101.3 | AD98: =SUM(E89:E98) -> 136.8 | AE98: =SUM(E85:E98) -> 220.7 | AF98: =SUM(E71:E98) -> 521.5
B99: Denver | C99: 43735 | D99: 94 | E99: 0 | F99: 1634.8 | H99: =F99/D99 -> 17.391489 | I99: Bros Haus | J99: n | K99: y | L99: =IF(E99=0,"y","") -> y | M99: =IF(L98="y",E99,M98+E99) -> 80.3 | N99: =IF(L98="y",1,N98+1) -> 6 | O99: y | P99: =IF(O98="y",E99,P98+E99) -> 80.3 | Q99: =IF(O98="y",1,Q98+1) -> 6 | S99: =IF(R98="y",$E99,S98+$E99) -> 116.4 | T99: =IF(R98="y",1,T98+1) -> 10 | U99: y | V99: =IF(U98="y",$E99,V98+$E99) -> 80.3 | W99: =IF(U98="y",1,W98+1) -> 6 | X99: y | Y99: =IF(X98="y",$E99,Y98+$E99) -> 0 | Z99: =IF(X98="y",1,Z98+1) -> 1 | AA99: =SUM(E97:E99) -> 32.4 | AB99: =SUM(E95:E99) -> 68.8 | AC99: =SUM(E93:E99) -> 80.3 | AD99: =SUM(E90:E99) -> 116.4 | AE99: =SUM(E86:E99) -> 196.6 | AF99: =SUM(E72:E99) -> 500.2
A100: Week 14 | C100: 43736 | D100: 95 | E100: 0 | F100: 1634.8 | H100: =F100/D100 -> 17.208421 | I100: Bros Haus | J100: n | K100: y | L100: =IF(E100=0,"y","") -> y | M100: =IF(L99="y",E100,M99+E100) -> 0 | N100: =IF(L99="y",1,N99+1) -> 1 | O100: y | P100: =IF(O99="y",E100,P99+E100) -> 0 | Q100: =IF(O99="y",1,Q99+1) -> 1 | S100: =IF(R99="y",$E100,S99+$E100) -> 116.4 | T100: =IF(R99="y",1,T99+1) -> 11 | V100: =IF(U99="y",$E100,V99+$E100) -> 0 | W100: =IF(U99="y",1,W99+1) -> 1 | X100: y | Y100: =IF(X99="y",$E100,Y99+$E100) -> 0 | Z100: =IF(X99="y",1,Z99+1) -> 1 | AA100: =SUM(E98:E100) -> 13.4 | AB100: =SUM(E96:E100) -> 52.8 | AC100: =SUM(E94:E100) -> 80.3 | AD100: =SUM(E91:E100) -> 110.1 | AE100: =SUM(E87:E100) -> 191.1 | AF100: =SUM(E73:E100) -> 473.8
...

Sheet Resupply Options
A1: Name | B1: Access Point | C1: Mile Point (NoBo) | D1: Mile Point (SoBo) | E1: Miles from Trail | F1: Resupply | G1: Post Office Address | H1: Post Office Hours | I1: Fuel Canister | J1: Outfitter/Supplies | K1: Hiker Deals/Discounts | L1: Other Info
A2: Mexico! | B2: Crazy Cook | C2: 0 | D2: 3050.7 | L2: NoBos- have fun!! SoBos- congrats, you made it!
A3: Hachita, NM | B3: Highway 81 | C3: 45.6 | D3: 3005.1 | E3: 8 | F3: C-store. Hachita Food Mart. | G3: 26 B St, Hachita, NM 88040 | H3: M-F 9:30-12 & 12:30-4; Sat 9-12; Closed Sunday.
A4: Lordsburg, NM | B4: on trail | C4: 85.6 | D4: 2965.1 | E4: 0 | F4: Full. Saucedo's Super Market, Dollar General. | G4: 401 Shakespeare St., Lordsburg, NM 88045 | H4: M-F 8:30-5; Sat 10-12; Closed Sunday. | I4: CDTC shuttle (seasonal) | K4: Econolodge: hiker rate, hiker box. | L4: Trail Register at KOA & Econolodge
A5: Silver City | B5: on trail | C5: 161.8 | D5: 2888.9 | E5: 0 | F5: Full. Albertsons, Wal-Mart, Silver City Food Co-Op. | G5: 500 N Hudson St., Silver City, NM 88061 | H5: M-F 8:30-5; Sat 10-12; Closed Sunday. | I5: Gila Hike & Bike | J5: Gila Hike & Bike, 103 E College Ave; Morning Star, 809 N Bullard St. | L5: Trail register at Morning Star.
A6: Doc Campbell's Post (ALT) | B6: on Gila River alt | C6: Alt mile 37.9 of 105 | D6: Alt mile 67.1 of 105 | E6: 0 | F6: Limited, expensive. Send resupply box 2 weeks before ETA. Include ETA on box. USPS only. $3 fee. | G6: Your name (CDT Hiker), C/O Doc Campbell’s Post 3796 Highway 15, Mimbres, NM 88049 | H6: 9am - 6pm every day. | I6: Yes- supply may be limited. | J6: Some basic camping supplies/freeze-dried meals | L6: Laundry and showers available. No ATM on premises- make sure you have cash.
A7: Winston, NM | B7: Highway 59 | C7: 266.3 | D7: 2784.4 | E7: 24 | F7: Limited. Winston General Store. | G7: 451 Grafton Rd., Winston, NM 87943 | H7: M-F 9:30-12:30 & 1-4; Sat 9-11; Closed Sunday | L7: Tough hitch. General Store has sandwiches, soups, etc. No lodging or restaurant in town.
A8: Reserve, NM | B8: NM 12 | C8: 374.8 | D8: 2675.9 | E8: 25 mi West | F8: Full. Jake's General Merchandise. | G8: 10 Balke St., Reserve, NM 87830 | H8: M-F 8:30-12 & 12:30-5; Sat 9:30-11:30; Closed Sunday | L8: Tough hitch.
A9: Top of the World store, NM | B9: on trail (official route) or from Pie Town (alt) | C9: 420.9 | D9: 2629.8 | E9: 0 (official route) or 3 mi West (Alt) | F9: C-store. Accepts packages, UPS or FedEx only. | G9: Hiker Name, c/o Top of the World, Highway 60, Mile Marker 52, Pie Town, NM 87827 | I9: Yes | L9: Laundry available.
A10: Quemado, NM | B10: Hwy 60 | C10: 411.2 | D10: 2639.5 | E10: 25 mi West | F10: Full. Country Store. | G10: 3476 W Hwy 60, Quemado, NM 87829 | H10: M-F 8-12:30 & 1-4:30; Sat 8-10:30; Closed Sunday
A11: Pie Town, NM | B11: on trail | C11: 423.9 | D11: 2626.8 | E11: 0 | F11: The Toaster House will hold resupply boxes. UPS ONLY. Hiker Name, c/o The Toaster House, Hwy 60 at Mile Marker 56, Pie Town, NM 87827 | G11: 17 Frontage Rd., Pie Town, NM 87827 | H11: M-F 8-12; Sat 7:30-9:30; Closed Sunday | I11: Top of the World market | K11: 10% hiker discount at the Pie-O-Neer. | L11: If you stay at the Toaster House, please clean up after yourself and leave a donation if you are able! Trail register @ Toaster House.
A12: Grants, NM | B12: on trail | C12: 553.5 | D12: 2497.2 | E12: 0 | F12: Full. Wal-Mart, Smith's. | G12: 816 W Santa Fe Ave, Grants, NM 87020 | H12: M-F 8:30-5; Sat 8:30-12; Closed Sunday | I12: Wal-Mart | K12: 10% discount to CDTC members at the Super 8 | L12: Carrot Express Bus - 50 cents/ride, anywhere in town, M-F. Call 505-290-2469
A13: Cuba, NM | B13: on trail | C13: 660.2 | D13: 2390.5 | E13: 0 | F13: Full. Mickey Save-way, Family Dollar. | G13: 6358 Main St., Cuba, NM 87013 | H13: M-F 8-4:30; Sat 10-11:30; Closed Sunday | I13: Mickey Save-way | K13: Rebel's Roost Campground: 1/4 mi N of town, hiker rate, will hold resupply boxes.
A14: Ghost Ranch, NM | B14: Hwy 84 | C14: 716.8 | D14: 2333.2 | E14: 8 mi | F14: Pricey snacks only. Please send resupply boxes via UPS, label "CDT Hiker" & include ETA. | G14: Hiker Name, c/o Ghost Ranch, 280 Private Drive 1708, Abiquiu, NM 87510 | I14: No | L14: Please be respectful of the rules/regulations around meals & number of hikers allowed in a room. Showers, coin-op laundry, hiker box, trail register, wifi. Bus to Abiquiu, Santa Fe.
A15: Ghost Ranch, NM (ALT) | B15: on trail | C15: Alt mile 11 of 25.5 | D15: Alt mile 14.5 of 25.5 | E15: on-trail | F15: Pricey snacks only. Please send resupply boxes via UPS, label "CDT Hiker" & include ETA. | G15: Hiker Name, c/o Ghost Ranch, 280 Private Drive 1708, Abiquiu, NM 87510 | I15: No | L15: Please be respectful of the rules/regulations around meals & number of hikers allowed in a room. Showers, coin-op laundry, hiker box, trail register, wifi. Bus to Abiquiu, Santa Fe.
A16: Abiquiu, NM | B16: Hwy 84 | C16: 716.8 | D16: 233.2 | F16: Good C-store. Bode's General Store. | G16: 4 County Rd. 187, Abiquiu, NM 87510 | H16: M-F 7-12 & 1-4; Closed weekends | J16: Some: hunting/fishing/car camping-oriented | L16: Breakfast burritos and green chile cheeseburgers. RTD bus to Ghost Ranch, Santa Fe.
A17: Santa Fe, NM | B17: Hwy 84 | C17: 716.8 | D17: 233.2 | F17: Full. Albertsons, TJs, Whole Foods, etc. etc. | G17: 120 S Federal Pl. Ste 101, Santa Fe, NM 87501 | H17: M-F 8-5:30; Sat 9-4; Closed Sunday | I17: REI, Big 5 | J17: REI, 500 Market St. #100; Big 5 Sporting Goods, 2860 Cerrillos Rd. | L17: RTD Bus to/from Ghost Ranch. Santa Fe International Hostel. Easy access to/from Albuquerque.
A18: Chama, NM | B18: Cumbres Pass | C18: 811.7 | D18: 2239 | E18: 8 mi West | F18: Full. Lowe's Supermarket., Family Dollar. | G18: 199 5th St. West, Chama, NM 87520 | H18: M-F 8-1 & 2-5; Sat 10-12; Closed Sunday | I18: Lowes | J18: Some camping supplies at Lowes | K18: Y Motel: hiker rate, hiker box. | L18: Laundry at RV park. NoBos: snow gear!
A19: Pagosa Springs, CO | B19: Wolf Creek Pass | C19: 880.9 | D19: 2169.8 | E19: 25 mi West | F19: Full. City Market, Wal-Mart, Old Town Natural Market and Deli. | G19: 250 Hot Springs Blvd, Pagosa Springs, CO 81147 | H19: M-F 7:30-5; Sat 9-2; Closed Sunday | I19: Ski & Bow Rack | J19: Ski & Bow Rack, 354 E Pagosa St; The Outfitter, 21 Pike Dr; Foot Prints, 458 Pagosa St., Re-Sport (used), 100 County Center Dr. | K19: Pinewood Inn: hiker rate. | L19: Motel SOCO will hold boxes, PO Box 5752, Pagosa Springs, CO 81147
A20: South Fork, CO | B20: Wolf Creek Pass | C20: 880.9 | D20: 2169.8 | E20: 20 mi East | F20: Full. Rainbow Grocery. | G20: 130 W Frontage Rd., South Fork, CO 81154 | H20: M-F 9-4; Sat 9-10; Closed Sunday | I20: Rainbow Grocery | J20: Rainbow Sporting Goods, 30359 US 160; Doc's Outdoor Sports, 31101 US 160 | K20: hiker bicycles available at RV park, Wolf Creek ski lodge
A21: Silverton, CO via CT | B21: Colorado Trail/Molas Pass | C21: 959.2 | D21: 2091.5 | E21: 11 mi on CT plus 7 mi hitch | F21: Full. Silverton Grocery. Blair Street Hostel will also hold boxes for guests. Blair Street Hostel, In Care Of: Hiker Name, PO Box 916, Silverton, CO 81433. | G21: 138 W 12th St., Silverton, CO 81433 | H21: M-F 9-1 & 1:30-3:30; Sat 11-1; Closed Sunday | I21: Outdoor World | J21: Outdoor World, 1234 Greene St. | L21: Blair Street Hostel will provide shuttles to Molas Pass TH (Colorado Trail- $5 fee) and Stoney Pass Bottom ($20 fee) for guests.
A22: Silverton, CO via Stoney Pass | B22: Stoney Pass | C22: 965.5 | D22: 2085.2 | E22: 10 mi | F22: Full. Silverton Grocery. Blair Street Hostel will also hold boxes for guests. Blair Street Hostel, In Care Of: Hiker Name, PO Box 916, Silverton, CO 81433. | G22: 138 W 12th St., Silverton, CO 81400 | H22: M-F 9-1 & 1:30-3:30; Sa 11-1; Closed Sunday | I22: Outdoor World | J22: Outdoor World, 1234 Greene St. | L22: Blair Street Hostel will provide shuttles to Molas Pass TH (Colorado Trail- $5 fee) and Stoney Pass Bottom ($20 fee) for guests.
A23: Lake City, CO | B23: Spring Creek Pass | C23: 998.9 | D23: 2051.8 | E23: 18 | F23: Full. High Country Market, 130 Gunnison Ave. | G23: 803 Gunnison Ave, Lake City, CO 81235 | H23: M-F 8:30-11:30 & 12-4:30; Sat 11-1; Closed Sunday | I23: High Country Market; The Sportsman | J23: The Sportsman, 238 S. Gunnison | K23: Raven's Rest Hostel, $25 bunks | L23: Raven's Rest accepts resupply packages, UPS OR FEDEX ONLY, Hiker Name, c/o Raven's Rest Hostel, 207 Gunnison Ave, Lake City, CO 81235
A24: Creede, CO | B24: Spring Creek Pass | C24: 998.9 | D24: 2051.8 | E24: 33 | F24: Full. Kentucky Belle Market. | G24: 10 S. Main St., Creede, CO 81130 | H24: M-F 9-1 & 1:30-4; Sat 10-11:30; Closed Sunday | I24: San Juan Sports | J24: San Juan Sports, 102 S. Main St.
A25: Creede, CO (ALT) | B25: on Creede Cut-off Alt | C25: Alt mi 27.4 of 37.5 | D25: Alt mi 10.1 of 37.5 | F25: Full. Kentucky Belle Market. | G25: 10 S. Main St, Creede, CO 81130 | H25: M-F 9-1 & 1:30-4; Sat 10-11:30; Closed Sunday | I25: San Juan Sports | J25: San Juan Sports, 102 S. Main St.
A26: Monarch Crest Store | B26: Monarch Pass | C26: 1099.6 | D26: 1951.1 | E26: 0 | F26: Limited. Will hold resupply packages - UPS ONLY. Please label with ETA and "CDT Hiker" | G26: Hiker Name, c/o Monarch Crest Store, 24500 Hwy 50W, Salida, CO 81201 | H26: 8am-6pm
A27: Monarch Mountain Lodge | B27: Monarch Pass | C27: 1099.6 | D27: 1951.1 | E27: 2 | F27: None. Send box. | G27: Hiker Name, c/o Monarch Mountain Lodge, 22720 W US Hwy 50, Salida, CO 81201 | I27: No | K27: Will hold resupply packages, hikers can camp on property, has pool/hot tub/laundry
A28: Salida | B28: Monarch Pass | C28: 1099.6 | D28: 1951.1 | E28: 20 mi | F28: Full. Safeway, Simple Foods (health food), Wal-Mart. | G28: 310 D St., Salida, CO 81201 | H28: M-F 7:30-5; Sat 8:30-12; Closed Sunday | I28: Salida Mountain Sports | J28: Salida Mountain Sports, 111 North F St | L28: Trail register at Simple Lodge & Hostel.
A29: Buena Vista | B29: Cottonwood Pass | C29: 1142.1 | D29: 1907.9 | E29: 24 mi East | F29: Full. City Market. | G29: 110 Brookdale Ave, Buena Vista, CO 81211 | H29: M-F 8-5; Sat 9:30-12; Closed Sunday | I29: The Trailhead | J29: The Trailhead, 402 E Main St | L29: West side of Cottonwood Pass closed to motor vehicles in 2017. East side will be closed in 2018.
A30: Twin Lakes General Store | B30: Hwy 82 | C30: 1184 | D30: 1866.7 | E30: 1.5 mi | F30: Good c-store selection, caters to hikers! Slightly more expensive than grocery store but can do full resupply. Store will hold resupply packages. DO NOT send General Delivery- there is no longer a post office here. | G30: Twin Lakes General Store, ATTN: Hiker Name, 6451 E Hwy 82, Twin Lakes, CO 81251. Please hold for CDT Hiker, ETA mm/dd. | H30: 9am-6pm | I30: Yes | J30: Some gear, Mountain House meals, fuel. | K30: Super hiker friendly! | L30: Hiker box, trail register at store.
A31: Leadville | B31: Tennessee Pass | C31: 1218 | D31: 1832.7 | E31: 9 mi South | F31: Full. Safeway | G31: 130 W 5th St., Leadville, CO 80461 | H31: M-F 9-5; Sat 9-12; Closed Sunday | I31: Leadville Outdoors | J31: Leadville Outdoors, 225 Harrison Ave; Melanzana Outdoor Clothing, 716 Harrison Ave | L31: Leadville Hostel will hold packages, has coin-op laundry, loaner bikes. Packages: Leadville Hostel & Inn, 500 East 7th St., Leadville, CO 80461, Attn: “Your Name”, arriving around “month date, year”
A32: Breckenridge | B32: Hwy 9 | C32: 1255.8 | D32: 1794.9 | E32: 3.5 mi South | F32: Full. City Market | G32: 305 S Ridge St., Breckenridge, CO 80424 | H32: M-F 8-5; Sat 10-1; Closed Sunday | I32: Mountain Outfitters | J32: Mountain Outfitters, 112 S Ridge St. (Many other shops in Breck sell clothing, footwear, etc.). REI in Dillon. | L32: Free Summit Stage bus to town. Two hostels (both with hot tub!): Fireside Inn and The Bivvi. Trail register at Fireside Inn.
A33: Frisco | B33: Hwy 9 | C33: 1255.8 | D33: 1794.9 | E33: 4.5 mi north | F33: Full. Whole Foods, Safeway, Wal-Mart. | G33: 35 W Main St., Frisco, CO 80443 | H33: M-F 8:30-5; Sat 9-12:30; Closed Sunday | I33: Wal-Mart or outfitters in other towns | J33: Lots of ski/bike stores; Mountain Outfitters in Breckenridge; Mountain Sports Outlet in Silverthorne; Wilderness Sports or REI in Dillon | L33: Free Summit Stage bus to town.
A34: Frisco (via ALT) | C34: alt mi 22 of 42.5 | D34: alt mi 20.5 of 42.5 | F34: Full. Whole Foods, Safeway, Wal-Mart. | G34: 35 W Main St., Frisco, CO 80443 | H34: M-F 8:30-5; Sat 9-12:30; Closed Sunday | I34: Wal-Mart or outfitters in other towns | J34: Lots of ski/bike stores; Mountain Outfitters in Breckenridge; Mountain Sports Outlet in Silverthorne; Wilderness Sports and REI in Dillon | L34: Free Summit Stage bus
A35: Silverthorne (via ALT) | B35: on trail | C35: alt mi 22 of 42.5 | D35: alt mi 20.5 of 42.5 | E35: 0 | F35: Full. City Market, Olive Fusion (natural foods) | G35: 518 Brian Ave, Silverthorne, CO 80497 | H35: M-F 9-5; Sat 10-12; Closed Sunday | I35: Wilderness Sports, REI in Dillon | J35: Mountain Sports Outlet, 167 Meraly Way; Wilderness Sports, 701 E Anemone Trail, Dillon; REI, 306 Dillon Ridge Rd, Dillon | L35: Free Summit Stage bus
A36: Winter Park | B36: Berthoud Pass | C36: 1331.3 | D36: 1719.4 | E36: 12 mi | F36: Limited. Stop & Save gas station; Trail's End Mercantile. Safeway down the road in Fraser. | G36: 78490 US Hwy 40, Winter Park, CO 80482 | H36: M-F 8-5; Sat 9-12; Closed Sunday | I36: Icebox Mountain Sports, Fraser | J36: Epic Mountain Sports, 78941 US-40 (clothing & footwear)
A37: Fraser, CO | B37: Berthoud Pass | C37: 1331.3 | D37: 1719.4 | E37: 16 mi | F37: Full. Safeway. | G37: 520 Zerex, Fraser, CO 80442 | H37: M-F 8-5; Sat 10-12; Closed Sunday | I37: Icebox Mountain Sports | J37: Icebox Mountain Sports, 505 Zerex St (sleeping bags, packs, tents, stoves, etc) | L37: Cheaper lodging than Winter Park.
A38: Grand Lake, CO | B38: on trail | C38: 1386.9 | D38: 1663.8 | E38: 0 | F38: Full. Mountain Food Market, Circle 3 World Foods. | G38: 520 Center Dr., Grand Lake, CO 80447 | H38: M-F 8-4; Closed Saturday & Sunday | I38: Never Summer Mountain Products | J38: Never Summer Mountain Products, 919 Grand Avenue | K38: Shadowcliff Lodge no longer accepts hiker resupply boxes. | L38: RMNP info: the Park loop is ~25mi and can be done in a day. Backcountry permits are $26/person/night. Bear canister required. More info & to book permits: https://www.nps.gov/romo/planyourvisit/wilderness-camping.htm
A39: Steamboat Springs | B39: Rabbit Ears Pass | C39: 1485 | D39: 1565.7 | E39: 20 mi West | F39: Full. Safeway, Wal-Mart. | G39: 200 Lincoln Ave, Steamboat Springs, CO 80487 | H39: M-F 8:30-5; Sat 9-12; Closed Sunday | I39: Ski Haus | J39: Ski Haus, 1457 Pine Grove Rd.; Big Agnes, 735 Oak St.; Point6, 1120 S Lincoln Ave, Unit F | K39: Contact Big Agnes for gear repair (877-554-8975). Contact Point6 for sock replacements (970-871-1055). 15% discount at Ski Haus if you tell them you are a CDT hiker. | L39: Free bus in town.
A40: Encampment/Riverside, WY | B40: Battle Pass | C40: 1569.2 | D40: 1481.5 | E40: 15 mi East | F40: Limited. | G40: 622 McCaffrey Ave, Encampment, WY 82325 | H40: M-F 8:30-12:30 & 1:30-4; Sat 8:30-9; Closed Sunday | I40: Riverside Garage | J40: Trading Post, 210 WY-70, Encampment | L40: Trail register at KOA
A41: Rawlins, WY | B41: on trail | C41: 1651.7 | D41: 1399 | E41: 0 | F41: Full. Wal-Mart, City Market, Mabuhay Oriental Market | G41: 106 5th St., Rawlins,WY 82301 | H41: M-F 8-5; Sat 9-12; Closed Sunday | I41: Wal-Mart | J41: Bi-Rite Sporting Goods, 313 West Cedar (mostly guns and fishing stuff) | L41: Trail Register at Post Office.
A42: Atlantic City, WY | B42: Riverview Cutoff (road) | C42: 1765.6 | D42: 1284.4 | E42: 1.5 | F42: Limited. Miner's Grubstake General Store. Gun shop also has some resupply options. | G42: Hiker Name, c/o Miner's Grubstake, 25 North Granier, Atlantic City, WY 82520. Please hold for CDT Hiker. ETA: mm/dd | H42: T-F 8-7; Sat & Sun 8-3; Closed Monday | J42: Gun shop | K42: St. Andrew's Episcopal Church has an "angel box". Message board w/ lists of businesses with supplies located at the Atlantic City Mercantile.
A43: South Pass City, WY | B43: on trail | C43: 1770.4 | D43: 1280.3 | E43: 0 | F43: Snacks. Send box. See address in next column. Call to confirm: 307-332-3684. | G43: Hiker Name, c/o Friends of South Pass City, 125 South Pass Main, South Pass City, WY 82520. Please hold for CDT HIKER. ETA: mm/dd. | H43: 9am-6pm every day
A44: Lander, WY | B44: Hwy 28 | C44: 1773.2 | D44: 1277.5 | E44: 36 mi | F44: Full. Safeway, Mr. D's. | G44: 230 Grandview Dr., Lander, WY 82520 | H44: M-F 8:30-4; Sat 8-11; Closed Sunday | I44: Wild Iris Mountain Sports | J44: Wild Iris Mountain Sports, 166 Main St
A45: Big Sandy Lodge, WY | B45: Big Sandy Trailhead | E45: 2 | F45: Maildrop. You MUST stay at least one night. | G45: Hiker Name, c/o Big Sandy Lodge, PO Box 62, Boulder, WY 82923. Please hold for CDT hiker, ETA mm/dd | K45: You must stay at least one night at the lodge. Price is $145/night for the first person, plus $55/night for each additional person (includes breakfast/lunch/dinner).
A46: Pinedale, WY via Pole Creek Trail | B46: Pole Creek Trail to Elkhart Park TH | C46: 1851.9 or 1852.4 | D46: 1988.8 | E46: 11 miles on Pole Creek Tr. to TH, then 15 mi | F46: Full. Ridley's Family Market, Obo's Market & Deli | G46: 413 Pine St, Pinedale, WY 82941 | H46: M-F 8:45-4:45; Sat 9-11; Closed Sunday | I46: Great Outdoor Shop | J46: Great Outdoor Shop, 332 W Pine St | L46: Trail Register @ Great Outdoor Shop. Wind River Mountain Festival in late July
A47: Pinedale, WY via Seneca Lake Trail | B47: Seneca Lake Trail to Elkhart Park TH | C47: 1856.6 | D47: 1194.1 | E47: 10 mi on Seneca Lake Tr. to TH, then 15 mi | F47: Full. Ridley's Family Market, Obo's Market & Deli | G47: 413 Pine St., Pinedale, WY 82941 | H47: M-F 8:45-4:45; Sat 9-11; Closed Sunday | I47: Great Outdoor Shop | J47: Great Outdoor Shop, 332 W Pine St | L47: Trail Register @ Great Outdoor Shop. Wind River Mountain Festival in late July
A48: Dubois, WY | B48: Hwy 26/287 at Togwotee Pass | C48: 1940.2 | D48: 1110.5 | E48: 28 mi South | F48: Full. Dubois Super Foods | G48: 804 Ramshorn St., Dubois, WY 82513 | H48: M-F 7:45-4:15; Sat 9:45-12:45; Closed Sunday | I48: Wind River Gear | J48: Wind River Gear, 19 N 1st St | L48: It is illegal to hitchhike in Dubois. NoBos: call for your Yellowstone permits. YNP Central Reservations: 307-344-7311
A49: Togwotee Mountain Lodge | B49: Togwotee Pass | C49: 1940.2 | D49: 1110.5 | E49: 10 mi NW | F49: Maildrop
A50: Brooks Lake Lodge | B50: on trail | C50: 1942.9 | D50: 1107.1 | E50: 0 | F50: Maildrop
A51: Lava Mountain Lodge | F51: Maildrop | I51: Yes | L51: Campground, showers, laundry, bar
A52: Grant Village | B52: Heart Lake TH/South Entrance Road | C52: 2016.9 | D52: 1033.1 | E52: 6.5 mi N | F52: Full; somewhat pricey. Grant Village General Store | G52: 1000 Grant Vlg, Yellowstone National Park, WY 82190 | H52: M-F 8:30-1:15 & 2:15-5; closed weekends. | I52: Grant Village General Store | J52: General Store has some camping equipment | L52: fee campground in Grant Village
A53: Old Faithful Village | B53: on trail | C53: 2042 | D53: 1008.7 | E53: on trail | F53: Full; somewhat pricey. Old Faithful General Store. | G53: 1000 Old Faithful, Yellowstone National Park, WY 82190 | H53: M-F 8:30-12:30 & 1:30-5; closed weekends | I53: Old Faithful General Store | J53: General Store has some camping equipment | L53: Breakfast buffet in the lodge!
A54: West Yellowstone, MT | B54: US 20 E | C54: 2094 | D54: 956.7 | E54: 10 mi North | F54: Full. Food Roundup Supermarket, Market Place. | G54: 209 Grizzly Ave, West Yellowstone, MT 59758 | H54: M-F 8:30-5; Closed Saturday & Sunday | I54: Eagle's Tackle Shop | J54: Eagle's Tackle Shop, 3 Canyon St.
A55: Mack's Inn, ID (ALT) | B55: on trail | C55: alt mi 15.2 of 32.5 | D55: alt mi 17.3 of 32.5 | E55: on trail | F55: Full. Robin's Roost (across from Sawtelle), Grubstake Market & Deli | G55: 4110 S Big Springs Rd, Macks Inn, ID 83433 | H55: M-F 9-4; Sat 9-12:30; closed Sunday | L55: Inexpensive camping at Sawtelle (and they have a hot tub!)
A56: Lima, MT | B56: I-15 | C56: 2190.1 | D56: 860.6 | E56: 15 mi North | F56: C-store. Ralph's Exxon. | G56: 700 Peat St., Lima, MT 59739 | H56: M-F 8-12 & 12:30-2:30; Sat 9:30-10:45; Closed Sunday | I56: Ralph's Exxon | J56: Ralph's Exxon has a few supplies. | K56: Mountain View Motel will pick up at the trail crossing: (406) 276-3535. They will also hold resupply packages: Hiker Name, c/o Mountain View Motel & RV Park, 111 Bailey St., PO Box 277, Lima, MT 59739 | L56: SoBos: Call for Yellowstone Permits. YNP Central Reservations: 307-344-7311. Shuttle to/from Lima via Mountain View Motel: (406) 276-3535
A57: Leadore, ID | B57: Bannock Pass | C57: 2293.8 | D57: 756.9 | E57: 15 mi West | F57: Limited, expensive. Stage Stop. | G57: 115 S Railroad St., Leadore, ID 83464 | H57: M-F 8-12:30 & 1-2:30; Sat 9-10:30; Closed Sunday | K57: Sam @ the Leadore Inn may shuttle to/from the trail if you stay there. PLEASE PAY HIM FOR THE RIDE. | L57: Not many options for town food-- consider sending yourself some "town snacks"
A58: Darby, MT | B58: Chief Joseph Pass | C58: 2417.1 | D58: 633.6 | E58: 31 mi N from Lost Trail Pass | F58: Full. People's Harvest Foods. | G58: 407 N Main St., Darby, MT 59829 | H58: M-F 8:30-12 & 12:30-4:30; Sat 9:30-10:30; Closed Sunday | I58: Mr. T's Mercantile | L58: Trail Register at Visitor's Center
A59: Sula Country Store, MT | B59: Chief Joseph Pass | C59: 2417.1 | D59: 633.6 | E59: 18 mi N | F59: Limited. Send box. | G59: 502 E Fork Rd., Sula, MT 59871 | H59: M-F 12-4; Sat 11-12:45; Closed Sunday | L59: Campsites, cabins.
A60: Salmon, ID | B60: Chief Joseph Pass | C60: 2417.1 | D60: 633.6 | E60: 47 mi S from Lost Trail Pass | F60: Full. Saveway Market. | G60: 600 Shoup St., Salmon, ID 83467 | H60: M-F 8:30-4:30; Closed Saturday & Sunday
A61: Wisdom, MT | B61: Chief Joseph Pass | C61: 2417.1 | D61: 633.6 | E61: 26 mi E | F61: Full. Wisdom Market. | G61: 200 Main St., Wisdom, MT 59761 | H61: M-F 8:30-12:30 & 1-3; Sat 10:30-12:15; Closed Sunday | J61: Hook & Horn Trading Post, 317 MT-43
A62: Anaconda, MT | B62: Hwy 569 (official CDT) | C62: 2507.9 or 2516.4 | D62: 534.3 or 542.8 | E62: 23 mi N | F62: Full. Albertsons. | G62: 218 Main St., Anaconda, MT 59711 | H62: M-F 8:30-5; Sat 9-1; Closed Sunday | I62: APOC World | J62: APOC closed as of July 2017, will re-open later this year. Some supplies at Rainbow Sporting Good, Hank's Hardware, and Giddy Up | K62: Hiker hut in Washoe Park by the community pool. Lockers, wifi, electricity, restroom, microwave. For code, call Robin 406-559-6262, Adam 406-560-2366 or Lydia 406-560-2425. DO NOT SHARE DOOR CODE.
A63: Anaconda, MT (ALT) | B63: on Anaconda Cutoff | C63: alt mi 26.5 of 52 | D63: alt mi 25.5 of 52 | E63: on trail | F63: Full. Albertsons. | G63: 218 Main St., Anaconda, MT 59711 | H63: M-F 8:30-5; Sat 9-1; Closed Sunday | I63: APOC World | J63: APOC closed as of July 2017, will re-open later this year. Some supplies at Rainbow Sporting Good, Hank's Hardware, and Giddy Up | K63: Hiker hut in Washoe Park by the community pool. Lockers, wifi, electricity, restroom, microwave. For code, call Robin 406-559-6262, Adam 406-560-2366 or Lydia 406-560-2425. DO NOT SHARE DOOR CODE.
A64: Butte, MT via I-15 (S) | B64: I-15 south of city | C64: 2544.9 | D64: 505.8 | F64: Full. Safeway, Wal-Mart, Dancing Rainbow Natural Grocery, etc. | G64: 701 Dewey Blvd, Butte, MT 59701 | H64: M-F 8:30-5:30; Sat 9-1; Closed Sunday | I64: Wal-Mart, Bob Ward's | J64: Bob Ward's Sports & Outdoors, 1925 Dewey Blvd | L64: Butte has a decent bus system. Folk Festival is July 7-9 (free admission!). Free camping during the festival in McGruff, Stodden, Copper Mtn, and Foreman's City Parks (hotels will be expensive & likely full).Bus service is free during the festival.
A65: Butte, MT via Hwy 2 | B65: Pipestone Pass | C65: 2571.5 | D65: 479.2 | E65: 10 mi | F65: Full. Safeway, Wal-Mart, Dancing Rainbow Natural Grocery, etc. | G65: 60 W. Galena St., Butte, MT 59701 | H65: M-F 9:30-1 & 2-4:30; Closed Saturday & Sunday | I65: Wal-Mart, Bob Ward's | J65: Bob Ward's Sports & Outdoors, 1925 Dewey Blvd
A66: Butte, MT via I-90 | B66: I-90 near Homestake | C66: 2580.4 | D66: 470.3 | F66: Full. Safeway, Wal-Mart, Dancing Rainbow Natural Grocery, etc. | I66: Wal-Mart, Bob Ward's | J66: Bob Ward's Sports & Outdoors, 1925 Dewey Blvd
A67: Butte, MT via side trail | B67: Maud's Trail | C67: 2590.2 | D67: 460.5 | E67: 3.7 mi on Maud's Trail. Bus stop near TH. | F67: Full. Safeway, Wal-Mart, Dancing Rainbow Natural Grocery, etc. | I67: Wal-Mart, Bob Ward's | J67: Bob Ward's Sports & Outdoors, 1925 Dewey Blvd
A68: Butte, MT via I-15 (N) | B68: I-15 north of city | C68: 2611 | D68: 439.7 | F68: Full. Safeway, Wal-Mart, Dancing Rainbow Natural Grocery, etc. | I68: Wal-Mart, Bob Ward's | J68: Bob Ward's Sports & Outdoors, 1925 Dewey Blvd
A69: Helena, MT | B69: MacDonald Pass (Hwy 12) | C69: 2686.7 | D69: 364 | E69: 15 mi E | F69: Full. Safeway, Natural Grocers, Wal-Mart. | G69: 2300 N. Harris St., Helena, MT 59601 | H69: M-F 8-6; Sat 9-12; Closed Sunday | I69: Base Camp; Wal-Mart | J69: Base Camp, 5 E Broadway St; Capital Sports, 1092 Helena Ave; Montana Outdoor Sports, 708 N Last Chance Gulch | K69: Budget Inn Express downtown Helena- super hiker friendly, will hold resupply packages, has hiker box | L69: Call Helena Transportation Co for a shuttle- $2/mi. 406-443-3256
A70: Elliston, MT | B70: MacDonald Pass (Hwy 12) | C70: 2686.7 | D70: 364 | E70: 7 mi W | F70: Limited, C-store. Elliston Store. | G70: 101 W Front St., Elliston, MT 59728 | H70: M-F 8-12; Sat 9:30-11:15; Closed Sunday | I70: No
A71: Lincoln, MT | B71: Rogers Pass | C71: 2755.8 | D71: 294.9 | E71: 20 mi W | F71: Small grocery. D&D Foodtown. | G71: 237 Main St., Lincoln, MT 59639 | H71: M-F 9am-12pm & 1-4:30pm. Closed weekends. | K71: Blue Sky Motel: hiker rates, shuttles to/from trail, will hold resupply boxes. Hiker Name, c/o Blue Sky Motel, PO Box 311, Lincoln, MT 59639. | L71: NoBos: call for Glacier permits. 406-888-7857. Call Gary Moseman for a shuttle: 406-362-4781.
A72: Benchmark Wilderness Ranch | B72: Benchmark Rd | C72: 2814.4 | D72: 236.3 | E72: 1.5 mi E | F72: Maildrop only. 12x12x12 max size, $25 fee (sent separately). Call before sending: 406-467-3110. | G72: Hiker Name c/o Darwin and Shelly Heckman 422 County Line Road Fairfield, MT 59436 | I72: No | L72: Showers, cabins available for a fee.
A73: Augusta, MT | B73: Benchmark Rd | C73: 2814.4 | D73: 236.3 | E73: 30 mi E | F73: Allen's Manix Store | G73: 102 Walrath St, Augusta, MT 59410 | H73: M-F 9am-1pm & 1:30-3:30pm; Sa 8-11am; closed Sunday. | I73: Canyon Mountain Outfitters, 133 Main St. | J73: Canyon Mountain Outfitters | K73: Bunkhouse Inn will shuttle back to trail for gas money | L73: Benchmark Rd. dead-ends at the trailhead- hitching may be difficult.
A74: East Glacier, MT | B74: on trail | C74: 2949.6 | D74: 101.1 | E74: on trail | F74: Small grocery. Glacier Park Trading Co; Brownie's Hostel & Bakery | G74: 15 Blackfoot Ave, East Glacier Park, MT 59434 | H74: M-F 8:30-11:30am & 12-3pm. Closed weekends. | I74: Glacier Park Trading Co; Rock 'n Roll Bakery | J74: Rock 'n Roll Bakery, 515 Blackfoot Ave
A75: Two Medicine Campground | B75: on trail | C75: 2960.3 | D75: 90.4 | F75: Limited resupply at Two Medicine camp store & gift shop | I75: maybe | L75: NoBos- do you have your passport??
A76: Many Glacier Campground | B76: on trail | C76: 3015.6 | D76: 35.1 | F76: Limited resupply at Swiftcurrent Motor Inn | I76: maybe | K76: hiker/biker campsite- walk-up only | L76: NoBos- do you have your passport??
A77: Canada! | C77: 3050.7 | D77: 0 | L77: NoBos- congrats, you did it! SoBos- have fun!!

Sheet Resupply Strategy
B2: Place | C2: % hikers who resupplied | D2: Mile | E2: Resupply? | F2: Mail or Buy | G2: Miles since last resupply | H2: True miles considering alternates | I2: box # | J2: # boxes | K2: Miles since box | L2: Box miles | M2: Pace (mpd) | N2: Days food | O2: Days food rounded | P2: Next stop | Q2: Full days of food | R2: Staple day of food | S2: Send town food? | T2: Fuel? | U2: Mail Box Resupply | V2: Route Choice Questions
A3: New Mexico | B3: Lordsburg | C3: 99 | D3: 85.6 | E3: y | F3: b | G3: =D6-D3 -> 76.2 | P3: to Mexico!
B4: Columbus | C4: 1
B5: Deming | C5: 3
B6: Silver City | C6: 97 | D6: 161.8 | E6: y | F6: b | G6: 60.5 | P6: to Lordsburg
B7: Doc Campbell's | C7: 97 | D7: =D8-90 -> 284.8 | E7: y | F7: m | G7: =D9-D7 -> 139.1 | H7: 200 | I7: #10 | J7: 2 | K7: =H9-H7 -> 223 | L7: =G6 -> 60.5 | M7: 22 | N7: =L7/M7 -> 2.75 | O7: 3 | P7: to Silver City | Q7: =IF(J7=2, O7, 0) -> 3 | R7: =IF(Q7=0,O7,0) -> 0 | S7: n | T7: y: town store
B8: Reserve | C8: 14 | D8: 374.8 | U8: pie to reserve = 49ish miles
B9: Pie Town | C9: 100 | D9: 423.9 | E9: y | F9: m | G9: =D11-D9 -> 129.6 | H9: 423 | I9: #9 | J9: 2 | K9: =H14-H9 -> 293 | L9: =G7 -> 139.1 | M9: 22 | N9: =L9/M9 -> 6.3227273 | O9: 6.5 | P9: to Doc's | Q9: =IF(J9=2, O9, 0) -> 6.5 | R9: =IF(Q9=0,O9,0) -> 0 | S9: n | T9: n | U9: reserve to doc = 90 miles on Gila alternate
B10: Quemado | C10: 1 | D10: 411.2 | U10: pie to doc = 140ish combined without resupply in Reserve
B11: Grants | C11: 99 | D11: 553.5 | E11: y | F11: b | G11: =D12-D11 -> 106.7 | P11: to Pie Town
B12: Cuba | C12: 96 | D12: 660.2 | E12: y | F12: b | G12: =D14-D12 -> 56.4 | P12: to Grants
B13: Santa Fe | C13: 6 | D13: 716.8
B14: Ghost Ranch | C14: 85 | D14: =D16-95.1 -> 716.6 | E14: y | F14: m | G14: =D16-D14 -> 95.1 | H14: 716 | I14: #8 | J14: 2 | K14: =H18-H14 -> 164.9 | L14: =G12 -> 56.4 | M14: 20 | N14: =L14/M14 -> 2.82 | O14: 3 | P14: to Cuba | Q14: =IF(J14=2, O14, 0) -> 3 | R14: =IF(Q14=0,O14,0) -> 0 | S14: y | T14: n
B15: Taos | C15: 4
B16: Chama(Cumbre Pass) | C16: 97 | D16: 811.7 | E16: y | F16: b | G16: =D18-D16 -> 69.2 | P16: to Ghost Ranch
A18: Colorado | B18: Pagosa Springs(Wolf Creek) | C18: 85 | D18: 880.9 | E18: y | F18: m | G18: =D25-D18 -> 118 | H18: 880.9 | I18: #7.5 | J18: maps | K18: =H29-H18 -> 281.1 | P18: to Chama | Q18: =IF(J18=2, O18, 0) -> 0 | R18: =IF(Q18=0,O18,0) -> 0
B19: South Fork(Wolf Creek) | C19: 14 | D19: 880.9
B20: Platoro | C20: 1
B21: Del Norte | C21: 1
B22: Creede | C22: 28 | D22: of 37.5
B23: Silverton(Stony Pass) | C23: 21 | D23: 959.2
B24: Durango | C24: 5
B25: Lake City(Spring Creek) | C25: 72 | D25: 998.9 | E25: y | F25: b | G25: =D27-D25 -> 100.7 | P25: to Pagosa Springs
B26: Monarch Mtn Lodge | C26: 27 | D26: 1099.6
B27: Salida(Monarch Pass) | C27: 83 | D27: 1099.6 | E27: y | F27: b | G27: =D29-D27 -> 84.4 | P27: to Lake City
B28: Buena Vista | C28: 4 | D28: 1142.1
B29: Twin Lakes | C29: 81 | D29: 1184 | E29: y | F29: m | G29: =D32-D29 -> 71.8 | H29: 1162 | I29: #7 | J29: 1 | K29: =H34-H29 -> 94 | L29: =G27 -> 84.4 | M29: 20 | N29: =L29/M29 -> 4.22 | O29: 4.5 | P29: to Salida | Q29: =IF(J29=2, O29, 0) -> 0 | R29: =IF(Q29=0,O29,0) -> 4.5 | S29: n | T29: y: general store
B30: Leadville | C30: 53 | D30: 1218
B31: Copper Mtn | C31: 22 | D31: 1241
B32: Breckenridge | C32: 50 | D32: 1255.8 | E32: m | F32: m | G32: =D33-D32 -> 54 | I32: #6.5 | J32: Maps only, NO FOOOOOOD | Q32: =IF(J32=2, O32, 0) -> 0 | R32: =IF(Q32=0,O32,0) -> 0
B33: I-70 | D33: =D32+54 -> 1309.8 | E33: m | F33: m | G33: =D41-D33 -> 77.1
B34: Frisco | C34: 4 | D34: 42.5 | H34: 1256
B35: Silverthorne | C35: 29 | D35: 42.5
B36: Dillon | C36: 8
B37: Idaho Springs | C37: 3
B38: Winter Park | C38: 19 | D38: 1331.3
B39: Fraser | C39: 19 | D39: 1331.3
B40: Denver | C40: 18
B41: Grand Lake | C41: 97 | D41: 1386.9 | E41: y | F41: m | G41: =D42-D41 -> 98.1 | H41: 1386.9 | I41: #6 | J41: 1 | K41: =H44-H41 -> 182.3 | L41: =G33+20 -> 97.1 | M41: 20 | N41: =L41/M41 -> 4.855 | O41: 5 | P41: to I-70 | Q41: =IF(J41=2, O41, 0) -> 0 | R41: =IF(Q41=0,O41,0) -> 5 | S41: n | T41: y: never summer mtn products
B42: Steamboat Springs(Rabbit Ears) | C42: 95 | D42: 1485 | E42: y | F42: b | G42: =D44-D42 -> 84.2 | P42: to Grand Lake
A44: Wyoming | B44: Encampment(Battle Pass) | C44: 59 | D44: 1569.2 | E44: y | F44: m | G44: =D46-D44 -> 82.5 | H44: 1569.2 | I44: #5.5 | J44: 1(maps, staples) | K44: =H47-H44 -> 201.2 | L44: =G42 -> 84.2 | M44: 22 | N44: =L44/M44 -> 3.8272727 | O44: 4 | P44: to Steamboat | Q44: =IF(J44=2, O44, 0) -> 0 | R44: =IF(Q44=0,O44,0) -> 4 | S44: n | T44: y: grocery hardware
B45: Riverside(Battle Pass) | C45: 24 | D45: 1569.2
B46: Rawlins | C46: 100 | D46: 1651.7 | E46: y | F46: b | G46: =D47-D46 -> 118.7 | P46: to Encampment
B47: South Pass City | C47: 54 | D47: 1770.4 | E47: y | F47: m | G47: =D50-D47 -> 82 | H47: 1770.4 | I47: #5 | J47: 2 | K47: =H54-H47 -> 171.6 | L47: =G46 -> 118.7 | M47: 22 | N47: =L47/M47 -> 5.3954545 | O47: 5.5 | P47: to Rawlins | Q47: =IF(J47=2, O47, 0) -> 5.5 | R47: =IF(Q47=0,O47,0) -> 0 | S47: y | T47: n
B48: Atlantic City | C48: 23 | D48: 1765.6
B49: Lander | C49: 56 | D49: 1773.2
B50: Pinedale | C50: 53 | D50: 1852.4 | E50: y | F50: b | G50: =D54-D50 -> 90.5 | P50: to South Pass City
B51: Lava Mountain Lodge(Togwotee) | C51: 4
B52: Dubois(Togwotee) | C52: 76 | D52: 1940.2 | E52: m | F52: m | I52: #4b | P52: to Pinedale | Q52: =IF(J52=2, O52, 0) -> 0 | R52: =IF(Q52=0,O52,0) -> 0 | S52: n | T52: y: wind river gear
B53: Jackson(Togwotee) | C53: 15 | D53: 1940.2
B54: Brooks Lake Lodge | C54: 18 | D54: 1942.9 | E54: m | F54: m | G54: =D56-D54 -> 99.1 | H54: 1942 | I54: #4a | J54: 2 | K54: =D58-D54 -> 151.1 | L54: =G50 -> 90.5 | M54: 22 | N54: =L54/M54 -> 4.1136364 | O54: 4 | P54: to Pinedale | Q54: =IF(J54=2, O54, 0) -> 4 | R54: =IF(Q54=0,O54,0) -> 0 | S54: y | T54: n
B55: Grant Village(yellowstone) | C55: 38 | D55: 2016.9
B56: Old Faithful Village(yellowstone) | C56: 88 | D56: 2042 | E56: y | F56: b | G56: =D60-D56 -> 148.1
A58: Idaho | B58: West Yellowstone | C58: 27 | D58: 2094
B59: Macs Park | C59: 53 | F59: m | K59: =D61-D58 -> 199.8 | Q59: =IF(J59=2, O59, 0) -> 0 | R59: =IF(Q59=0,O59,0) -> 0
B60: Lima | C60: 81 | D60: 2190.1 | E60: y | F60: b | G60: =D61-D60 -> 103.7 | K60: =SUM(G59:G60) -> 103.7
B61: Leadore(Bannock) | C61: 77 | D61: 2293.8 | E61: y | F61: m | G61: =D65-D61 -> 123.3 | H61: 2293.8 | I61: #3 | J61: 2 | K61: =H70-H61 -> 222.2 | L61: =G60 -> 103.7 | M61: 20 | N61: =L61/M61 -> 5.185 | O61: 5 | P61: to Lima | Q61: =IF(J61=2, O61, 0) -> 5 | R61: =IF(Q61=0,O61,0) -> 0 | S61: n
B62: Tendoy | C62: 3 | K62: =SUM(G61:G69) -> 224.6
B63: Salmon | C63: 26 | D63: 2417.1
B64: Jackson | C64: 6
B65: Darby from Anaconda | C65: 53 | D65: 2417.1 | E65: y | F65: b | G65: 101.3
B66: Darby from Butte | C66: 4 | D66: 2417.1
B67: Wisdom | C67: 6 | D67: 2417.1
A69: Montana | B69: Wise River | C69: 8
B70: Anaconda | C70: 62 | D70: =D72-79.6 -> 2607.1 | E70: y | F70: m | G70: =D72-D70 -> 79.6 | H70: 2516 | I70: #2 | J70: 1(staples, maps, shoes?) | K70: =H75-H70 -> 299 | L70: =G65 -> 101.3 | M70: 16 | N70: =L70/M70 -> 6.33125 | O70: 6.5 | P70: to Darby | Q70: =IF(J70=2, O70, 0) -> 0 | R70: =IF(Q70=0,O70,0) -> 6.5 | S70: n
B71: Butte | C71: 44 | D71: 2545-2590 | K71: =SUM(G70:G74) -> 207.3
B72: Helena | C72: 81 | D72: 2686.7 | E72: y | F72: b | G72: =D74-D72 -> 69.1
B73: Elliston | C73: 6 | D73: 2686.7
B74: Lincoln | C74: 86 | D74: 2755.8 | E74: y | F74: b | G74: =D75-D74 -> 58.6 | T74: y: military surplus store
B75: Benchmark Wilderness Ranch | C75: 28 | D75: 2814.4 | E75: y | F75: m | G75: =D77-D75 -> 135.2 | H75: 2815 | I75: #1 | J75: 2 | L75: =G74 -> 58.6 | M75: 16 | N75: =L75/M75 -> 3.6625 | O75: 4 | P75: to Lincoln | Q75: =IF(J75=2, O75, 0) -> 4 | R75: =IF(Q75=0,O75,0) -> 0 | S75: y
B76: Augusta | C76: 49 | D76: 2814.4
B77: East Glacier | C77: 100 | D77: 2949.6 | E77: y | F77: b | G77: =D80-D77+19.7 -> 85.7 | T77: y: rock n' roll bakery
B78: Two Medicine | C78: 55 | D78: 2960.3
B79: St Mary | C79: 5
B80: Many Glacier | C80: 65 | D80: 3015.6 | E80: y | G80: =IF(E80="y",-1*(D80-D81),0) -> 34.4
B81: Canada! | D81: 3050 | I81: #0 | J81: 2 | L81: 85 | M81: 16 | N81: =L81/M81 -> 5.3125 | O81: 5.5 | P81: to East Glacier | Q81: =IF(J81=2, O81, 0) -> 5.5 | R81: =IF(Q81=0,O81,0) -> 0 | S81: n
C83: TOTALS: | D83: # resupply = | E83: =COUNTIF(E3:E81,"y") -> 28 | J83: Total days of food in boxes = | N83: =SUM(N3:N81) -> 54.795341 | O83: =SUM(O3:O81) -> 56.5 | Q83: =SUM(Q3:Q81) -> 36.5 | R83: =SUM(R3:R81) -> 20 | S83: =COUNTIF(S3:S81, "y") -> 4
U84: Resupply box needs
U85: Meal | V85: Quantity
U86: breakfast | V86: 57
U87: dinner | V87: 57
U88: lunch (good stuff) | V88: 57
U89: snacks | V89: 37
U90: town food | V90: 4
U92: Bulk Quantity Calcs
U93: Food | V93: Amount/day | W93: Days | X93: Total
U94: Granola | V94: 1 cup | W94: 57 | X94: 57 cups
U95: Trail mix | V95: 1.5 cups | W95: 57 | X95: 85.5 cups
U96: Beans | V96: 2 cups | W96: 22 | X96: 44 cups
U97: Couscous | V97: 1 box | W97: 15 | X97: 15 boxes
U98: Potatoes | V98: 1 pouch | W98: 10 | X98: 10 pouches
U99: hummus
U100: lentil soup | V100: 2 cups
U101: chocolate | V101: 20 bars each, 2 per box | X101: 20 bars
U102: peanut butter | V102: 10 jars each | W102: maybe 2 small jars for NM sections | X102: 10 jars
U104: Day Menu Example
U105: Meal | V105: Food | W105: Quantity
U106: breakfast | V106: granola | W106: 1 cup
U107: lunch/snacks | V107: trail mix | W107: 1.5 cups
V108: pretzels
...

Sheet Gear Weight
A2: Group | B2: Item | C2: Weight (oz) | D2: b=baseweight | E2: Item Weight (oz) | F2: r=remove? | G2: Item Weight (oz)
A3: clothing | B3: Darn Tough - Mens | C3: 2.1 | D3: b | E3: =IF(D3="b",C3,"") -> 2.1
A4: clothing | B4: Darn Tough - Womens | C4: 1.9 | D4: b | E4: =IF(D4="b",C4,"") -> 1.9
A5: clothing | B5: UA underwear | C5: 2.1 | D5: b | E5: =IF(D5="b",C5,"") -> 2.1
A6: clothing | B6: Prana Pants | C6: 11.4 | E6: =IF(D6="b",C6,"")
A7: clothing | B7: Beanie - RWB | C7: 2.5 | D7: b | E7: =IF(D7="b",C7,"") -> 2.5 | J7: Final Pre-Trip Gear List
A8: clothing | B8: Beanie - rainbow | C8: 4.1 | E8: =IF(D8="b",C8,"") | K8: What? | L8: Description | M8: Weight (oz)
A9: clothing | B9: Stoic Wool T-shirt | C9: 5.3 | D9: b | E9: =IF(D9="b",C9,"") -> 5.3 | J9: clothing | K9: Insulated jacket | L9: Enlightened Equip. Torid jacket | M9: 7.25
A10: clothing | B10: UA Fleece | C10: 8.1 | E10: =IF(D10="b",C10,"") | K10: Base layer top | L10: Columbia Omni-heat mid | M10: 5.7
A11: clothing | B11: Nike Leggings | C11: 7.8 | E11: =IF(D11="b",C11,"") | K11: Extra socks | L11: Darn Tough x 2 | M11: =1.9*2 -> 3.8
A12: clothing | B12: Nike Quarterzip | C12: 8.8 | E12: =IF(D12="b",C12,"") | K12: Sleep underwear | L12: rainbow booty shorts | M12: 1.8
A13: clothing | B13: Columbia Disco shirt | C13: 5.7 | D13: b | E13: =IF(D13="b",C13,"") -> 5.7 | K13: Sleep shirt | L13: Stoic Wool T-shirt | M13: 5.3
A14: clothing | B14: Buzzoff red hoodie | C14: 8.6 | E14: =IF(D14="b",C14,"") | K14: Leggings | L14: Patagonia santa pants, women's | M14: 4.5
A15: clothing | B15: Ski Gloves | C15: 7.5 | E15: =IF(D15="b",C15,"") | K15: Warm hat | L15: thrift shop beanie | M15: 2.5
A16: clothing | B16: Liner Gloves | C16: 1.2 | E16: =IF(D16="b",C16,"") | K16: Gloves | L16: Old pair of Seirus somethings | M16: 3.6
A17: clothing | B17: Lei Out Shirt | C17: 5.1 | E17: =IF(D17="b",C17,"") | K17: Rain jacket | L17: O2 Original rain jacket | M17: 5.5
A18: clothing | B18: Pres Day Shirt | C18: 5.9 | E18: =IF(D18="b",C18,"") | K18: Wind pants | L18: Dance warm-up pants | M18: 3.5
A19: clothing | B19: Patagonia Fleece Pants | C19: 14.4 | E19: =IF(D19="b",C19,"") | K19: Rain skirt | L19: Rain Skirt/bag | M19: 2
A20: clothing | B20: OR Helium ii | C20: 6.2 | D20: b | E20: =IF(D20="b",C20,"") -> 6.2
A21: clothing | B21: O2 rain jacket | C21: 5.5 | D21: b | E21: =IF(D21="b",C21,"") -> 5.5
A22: clothing | B22: Arc'teryx Atom LT | C22: 12.8 | E22: =IF(D22="b",C22,"") | J22: electronics | K22: Camera | L22: Sony RX-100 MII | M22: 10.1
A23: clothing | B23: EE Torid jacket | C23: 7.25 | D23: b | E23: =IF(D23="b",C23,"") -> 7.25 | K23: Camera extras | L23: Camera case + battery | M23: 3.9
A24: clothing | B24: Gloves | C24: 3.6 | D24: b | E24: =IF(D24="b",C24,"") -> 3.6 | K24: Battery | L24: Yukuma 10,000mAh | M24: 11
A25: clothing | B25: REI Down jacket | C25: =16+7.3 -> 23.3 | E25: =IF(D25="b",C25,"") | K25: Battery charger | L25: Yukuma charging cord | M25: 5
A26: clothing | B26: REI Rainpants | C26: 9.6 | E26: =IF(D26="b",C26,"") | K26: Plug + cord | L26: Anker plug + USB cord | M26: 1.4
A27: clothing | B27: Dance Pants | C27: 3.5 | D27: b | E27: =IF(D27="b",C27,"") -> 3.5 | K27: Music | L27: Sansa Clip MP3 | M27: 0.9
A28: clothing | B28: REI Gaiters | C28: 6.3 | E28: =IF(D28="b",C28,"") | K28: Headphones | L28: Yurbuds | M28: 0.7
A29: clothing | B29: Sleep Socks | C29: 1.1 | E29: =IF(D29="b",C29,"") | K29: Phone | L29: Moto G4 Plus w/ case | M29: 6.5
A30: clothing | B30: Rain Skirt/bag | C30: 2 | D30: b | E30: =IF(D30="b",C30,"") -> 2 | K30: PLB | L30: SPOT | M30: 4.7
A31: clothing body | B31: Buff | C31: 1.5 | E31: =IF(D31="b",C31,"") | K31: Flashlight | L31: Petzl Tikka Plus 2 w/ custom strap | M31: 2
A32: clothing body | B32: Sunglasses - Duco | C32: 1 | E32: =IF(D32="b",C32,"") | K32: Batteries | L32: AAA Energizer Lithium x 4 | M32: 1.2
A33: clothing body | B33: Swimsuit | C33: 5.2 | E33: =IF(D33="b",C33,"")
A34: clothing body | B34: Watch | C34: 1.4 | E34: =IF(D34="b",C34,"")
A35: clothing body | B35: Squid Hat | C35: 2.2 | E35: =IF(D35="b",C35,"")
A36: clothing body | B36: Rainier Hat w/ string | C36: 3.8 | E36: =IF(D36="b",C36,"")
A37: clothing body | B37: Columbia hiking shirt | C37: 7.4 | E37: =IF(D37="b",C37,"") | J37: gear | K37: Ice Axe | L37: BD Raven Pro | M37: 13.3
A38: electronics | B38: Camera | C38: 10.1 | D38: b | E38: =IF(D38="b",C38,"") -> 10.1 | F38: r | G38: =E38 -> 10.1 | K38: Traction | L38: Kahtoola microspikes | M38: 13.3
A39: electronics | B39: Camera Case | C39: 3.1 | D39: b | E39: =IF(D39="b",C39,"") -> 3.1 | F39: r | G39: =E39 -> 3.1 | K39: Bear Spray | L39: Counter Assault | M39: 11
A40: electronics | B40: Camera Battery extra | C40: 0.8 | D40: b | E40: =IF(D40="b",C40,"") -> 0.8 | F40: r | G40: =E40 -> 0.8 | K40: Umbrella | L40: Euroschirm chrome | M40: 8.3
A41: electronics | B41: Kindle in case | C41: 11.1 | E41: =IF(D41="b",C41,"") | K41: Knife | L41: Mini swiss army knife | M41: 0.7
A42: electronics | B42: Anker 10K | C42: 6.7 | E42: =IF(D42="b",C42,"") | K42: Water filter | L42: Sawyer Micro | M42: 2.5
A43: electronics | B43: Anker 6.4K | C43: 4.8 | E43: =IF(D43="b",C43,"") | K43: Water storage | L43: Random bottles x 2 | M43: 0.4
A44: electronics | B44: Yukuma 10,000mAh | C44: 11 | D44: b | E44: =IF(D44="b",C44,"") -> 11 | K44: Food bag | L44: Ursack Major XL | M44: 8.8
A45: electronics | B45: USB cord | C45: 0.4 | D45: b | E45: =IF(D45="b",C45,"") -> 0.4 | K45: Bowl | L45: Gatorade powder container | M45: 1.1
A46: electronics | B46: Anker Case | C46: 0.1 | D46: b | E46: =IF(D46="b",C46,"") -> 0.1 | K46: Spoon | L46: Plastic REI spoon | M46: 0.3
A47: electronics | B47: Plug | C47: 1 | D47: b | E47: =IF(D47="b",C47,"") -> 1 | K47: Headnet | L47: Sea to Summit head net | M47: 0.9
A48: electronics | B48: Ironman earbudes | C48: 0.7 | D48: b | E48: =IF(D48="b",C48,"") -> 0.7 | K48: Fire | L48: Bic lighter | M48: 0.7
A49: electronics | B49: Sansa Clip MP3 | C49: 0.9 | D49: b | E49: =IF(D49="b",C49,"") -> 0.9 | K49: Compass | L49: Suunto M-3 D Leader | M49: 1.62
A50: electronics | B50: Phone w/ case | C50: 6.5 | D50: b | E50: =IF(D50="b",C50,"") -> 6.5 | K50: Wallet | L50: Money and stuff | M50: 0.3
A51: electronics | B51: SPOT | C51: 4.7 | D51: b | E51: =IF(D51="b",C51,"") -> 4.7 | K51: Maps | L51: Printed maps | M51: ?
A52: electronics | B52: Headlamp | C52: 2.7 | D52: b | E52: =IF(D52="b",C52,"") -> 2.7 | K52: Trowel | L52: Old orange one from PCT | M52: 1.3
A53: electronics | B53: Headlamp bag + batteries | C53: 1.2 | D53: b | E53: =IF(D53="b",C53,"") -> 1.2 | K53: Journal | L53: Small notebook | M53: 0.2
A54: food | B54: Chupa Chup | C54: 0.5 | E54: =IF(D54="b",C54,"") | K54: Pen | L54: Ballpoint pen | M54: 0.3
A55: gear | B55: Duco Case | C55: 2 | E55: =IF(D55="b",C55,"") | G55: =E55 | K55: Pack cover | L55: Garbage bag | M55: 2.3
A56: gear | B56: mini swiss knife | C56: 0.7 | D56: b | E56: =IF(D56="b",C56,"") -> 0.7 | K56: Cord | L56: 2mm nylon (50ft for food hanging) | M56: 3
A57: gear | B57: Kershaw knife | C57: 2.8 | E57: =IF(D57="b",C57,"") | K57: Sit pad | L57: Z-lite cutout | M57: 0.7
A58: gear | B58: Ballpoint pen | C58: 0.3 | D58: b | E58: =IF(D58="b",C58,"") -> 0.3 | K58: Guardian | L58: Ganesh | M58: 0.5
A59: gear | B59: Lighter | C59: 0.5 | E59: =IF(D59="b",C59,"")
A60: gear | B60: Umbrella | C60: 8.3 | D60: b | E60: =IF(D60="b",C60,"") -> 8.3 | F60: r | G60: =E60 -> 8.3
A61: gear | B61: Platypus Big Zip | C61: 6.2 | E61: =IF(D61="b",C61,"")
A62: gear | B62: Garbage bag | C62: 2.3 | D62: b | E62: =IF(D62="b",C62,"") -> 2.3
A63: gear | B63: Extra cord - green | C63: 1.1 | D63: b | E63: =IF(D63="b",C63,"") -> 1.1
A64: gear | B64: Sit pad | C64: 0.7 | D64: b | E64: =IF(D64="b",C64,"") -> 0.7
A65: gear | B65: Gravityworks | C65: 9.1 | E65: =IF(D65="b",C65,"") | G65: =E65 | J65: big three | K65: Shelter | L65: Zpacks custom tarp and Easton stakes | M65: 16.1
A66: gear | B66: Sawyer Micro | C66: 2.5 | D66: b | E66: =IF(D66="b",C66,"") -> 2.5 | K66: Groundsheet | L66: Polycro window insulation | M66: 0.1
A67: gear | B67: Poop shovel | C67: 1.3 | D67: b | E67: =IF(D67="b",C67,"") -> 1.3 | K67: Sleeping pad | L67: NeoAir X-lite, women's | M67: 12.3
A68: gear | B68: Microspikes | C68: 13.3 | D68: b | E68: =IF(D68="b",C68,"") -> 13.3 | K68: Stuff sack | L68: Sea to Summit roll-top and lines | M68: 1.5
A69: gear | B69: Headnet | C69: 0.9 | D69: b | E69: =IF(D69="b",C69,"") -> 0.9 | K69: Quilt | L69: Katabatic Gear Palisade 30 | M69: =20.1-1.5 -> 18.6
A70: gear | B70: Gerber knife | C70: 2.9 | E70: =IF(D70="b",C70,"") | K70: Liner | L70: Dreamsack silk liner | M70: 5.4
A71: gear | B71: Big swiss knife | C71: 2.6 | E71: =IF(D71="b",C71,"") | K71: Backpack | L71: Granite Gear Crown2 60 | M71: 36
A72: gear | B72: Bic lighter | C72: 0.7 | D72: b | E72: =IF(D72="b",C72,"") -> 0.7
A73: gear | B73: Compass | C73: 1.1 | D73: b | E73: =IF(D73="b",C73,"") -> 1.1 | J73: toiletries | K73: Toothbrush + Paste | L73: something | M73: 1.5
A74: gear | B74: Tripod | C74: 1.6 | D74: b | E74: =IF(D74="b",C74,"") -> 1.6 | F74: r | G74: =E74 -> 1.6 | K74: Teeth | L74: Retainer+case (nerd!) | M74: 0.8
A75: gear | B75: Ganesh | C75: 0.5 | D75: b | E75: =IF(D75="b",C75,"") -> 0.5 | K75: Nail clippers | L75: generic | M75: 0.6
A76: gear | B76: Bowl Thing | C76: 1.4 | D76: b | E76: =IF(D76="b",C76,"") -> 1.4 | K76: First Aid | L76: Custom first aid kit | M76: 1.8
A77: gear | B77: Spoon | C77: 0.3 | D77: b | E77: =IF(D77="b",C77,"") -> 0.3 | K77: Brace | L77: Ace bandage | M77: 1.8
A78: gear | B78: Bear Spray | C78: 11 | D78: b | E78: =IF(D78="b",C78,"") -> 11 | K78: Pills | L78: Vitmin I + naproxen | M78: 0.8
A79: gear | B79: Bottle(smartwater or other) | C79: ? | D79: b | E79: =IF(D79="b",C79,"") -> ? | K79: Sunscreen | L79: SPF 70 face stuff | M79: 2.5
A80: gear | B80: Bear Can | E80: =IF(D80="b",C80,"") | K80: Bug juice | L80: 3M DEET | M80: 2
A81: gear | B81: Ursack Major XL | C81: 8.8 | D81: b | E81: =IF(D81="b",C81,"") -> 8.8
A82: gear | B82: Backpack | C82: 36 | D82: b | E82: =IF(D82="b",C82,"") -> 36
A83: gear | B83: Journal | C83: 0.2 | D83: b | E83: =IF(D83="b",C83,"") -> 0.2
A84: gear | B84: Ice Axe | C84: 13.3 | D84: b | E84: =IF(D84="b",C84,"") -> 13.3 | J84: worn clothing | K84: Shoes | L84: Altra Lone Peak 3.5 | M84: 18
A85: gear | B85: Wallet stuff | C85: ? | D85: b | E85: =IF(D85="b",C85,"") -> ? | K85: Socks | L85: Darn Toughs | M85: 1.9
A86: maps | B86: Mallorca Book | C86: 8.4 | E86: =IF(D86="b",C86,"") | K86: Shorts | L86: Superfly paisley trunks | M86: 5.2
A87: maps | B87: Canary Islands Maps | C87: 8.7 | E87: =IF(D87="b",C87,"") | K87: Shirt | L87: Columbia Trail Strike | M87: 7.4
A88: maps | B88: Maps | C88: ? | D88: b | E88: =IF(D88="b",C88,"") -> ? | K88: Bandana | L88: Buff | M88: 1.5
A89: shelter | B89: Tarp (everything)(no ground sheet) | C89: 16.1 | D89: b | E89: =IF(D89="b",C89,"") -> 16.1 | K89: Sunglasses | L89: SunCloud Dashboard | M89: 1.1
A90: shelter | B90: Tarp bag + extras | C90: 1.1 | E90: =IF(D90="b",C90,"") | K90: Hat | L90: Rainier Hat w/ string | M90: 3.8
A91: shelter | B91: Tarp only | C91: 9.9 | E91: =IF(D91="b",C91,"") | K91: Poles | L91: Easton Trail AL2 | M91: 16
A92: shelter | B92: Stakes - total | C92: 5.1 | E92: =IF(D92="b",C92,"") | M92: oz | N92: lbs
A93: shelter | B93: Groundhog stake | C93: 0.5 | E93: =IF(D93="b",C93,"") | L93: total | M93: =SUM(M1:M82) -> 266.17 | N93: =M93/16 -> 16.635625
A94: shelter | B94: Blue Easton | C94: 0.4 | E94: =IF(D94="b",C94,"") | N94: 16lbs 8oz
A95: shelter | B95: Orange Easton | C95: 0.3 | E95: =IF(D95="b",C95,"")
A96: gear | B96: Easton Trail AL2 poles | C96: 16 | E96: =IF(D96="b",C96,"")
A97: shelter | B97: Tyvek | C97: 5 | E97: =IF(D97="b",C97,"") | G97: =E97
A98: shelter | B98: Bug net | C98: 7.1 | E98: =IF(D98="b",C98,"") | G98: =E98
A99: shelter | B99: Groundsheet | C99: 0.1 | D99: b | E99: =IF(D99="b",C99,"") -> 0.1
A100: sleep | B100: NeoAir X-lite | C100: 12.3 | D100: b | E100: =IF(D100="b",C100,"") -> 12.3
A101: sleep | B101: Quilt Stuff sack and lines | C101: 1.5 | D101: b | E101: =IF(D101="b",C101,"") -> 1.5
...
